 Dungeon Crawl Stone Soup version 0.31-a0-177-g4aa6249778 (webtiles) character file.

Game seed: 6893619519768647253

416075 qw the Slayer (level 23, -1/163 HPs)
             Began as a Gargoyle Fighter on June 18, 2023.
             Was a High Priest of Okawaru.
             Killed by the air
             ... invoked by a titan
              (32 damage)
             ... on level 5 of the Vaults.
             The game lasted 00:27:15 (48045 turns).

qw the Slayer (Gargoyle Fighter)                   Turns: 48045, Time: 00:27:15

Health: -1/163     AC: 51    Str: 40    XL:     23   Next: 61%
Magic:  25/30      EV: 13    Int: 13    God:    Okawaru [*****.]
Gold:   974        SH: 23    Dex:  7    Spells: 22/22 levels left

rFire   + . .        e - +9 war axe (spect)
rCold   + + .        Q - +0 tower shield
rNeg    + . .        u - +3 plate armour
rPois   inf          n - +2 helmet
rElec   +            G - scarf of the Evening Star {shadows, Will+++ Dex-2 Slay+4 SInv}
rCorr   +            E - -1 pair of gloves of Hedging {rF+ Str+4}
SInv    +            S - +2 pair of boots {rampage}
Will    ++++.        F - amulet of faith Stlth
                     l - +4 ring of slaying {mikee}
HPRegen 0.47/turn    s - ring of Barud {Ice Str+4 Int+5}
MPRegen 0.22/turn

%: rampage, faith
@: about to teleport, resistant, heroic, finesse-ful, flying
A: sickness immunity, AC +17, big wings, negative energy resistance 1,
electricity resistance, torment resistance 1, petrification resistance
}: 2/15 runes: barnacled, gossamer
a: Renounce Religion, Heroism, Finesse, Duel


You were on level 5 of the Vaults.
You worshipped Okawaru.
Okawaru was extremely pleased with you.
You visited 8 branches of the dungeon, and saw 40 of its levels.

You collected 4555 gold pieces.
You spent 3581 gold pieces at shops.


Innate Abilities, Weirdness & Mutations

You are immune to sickness and miasma.
Your stone body is resilient. (AC +17)
You are immune to poison.
Your large and strong wings let you fly.
You resist negative energy. (rN+)
You are resistant to electric shocks. (rElec)
You are resistant to unholy torment.
You are immune to petrification.


   Skills:
 + Level 22.4(27) Fighting
 - Level 16.0(21.0) Axes
 - Level 13.0(18.0) Throwing
 - Level 20.0(25.0) Armour
 - Level 9.0(14.0) Dodging
 - Level 21.6(26.6) Shields
 - Level 10.0 Invocations


You had 22 spell levels left.
You didn't know any spells.
Your spell library was empty.

Inventory:

Hand Weapons
 e - a +9 spectral war axe (weapon)
 z - a +4 antimagic broad axe
Missiles
 a - 8 silver javelins
 i - 5 boomerangs of dispersal
 k - 40 boomerangs
 t - 26 javelins (quivered)
 L - 4 silver boomerangs
Armour
 b - +0 ice dragon scales
 c - a +2 cloak
 h - the scarf of a Million Stories {harm, rF+}
   (You acquired it on level 2 of the Lair of Beasts)

   rF:        It protects you from fire.
 n - a +2 helmet (worn)
 u - a +3 plate armour (worn)
 w - +0 acid dragon scales
 y - +0 fire dragon scales
 A - a +3 chain mail of fire resistance
 B - a +2 chain mail of cold resistance
 E - the -1 pair of gloves of Hedging (worn) {rF+ Str+4}
   (You found it on level 3 of the Vaults)

   Str:       It affects your strength (+4).
   rF:        It protects you from fire.
 G - the scarf of the Evening Star (worn) {shadows, Will+++ Dex-2 Slay+4 SInv}
   (Okawaru gifted it to you on level 1 of the Vaults)

   Dex:       It affects your dexterity (-2).
   Slay:      It affects your accuracy & damage with ranged weapons and melee
   (+4).
   SInv:      It lets you see invisible.
   Will:      It greatly increases your willpower.
 P - a +2 plate armour of willpower
 Q - a +0 tower shield (worn)
 R - a +2 pair of gloves of dexterity
 S - a +2 pair of boots of rampaging (worn)
Jewellery
 l - a +4 ring of slaying (left hand) {mikee}
 q - a +6 ring of dexterity
 s - the ring of Barud (right hand) {Ice Str+4 Int+5}
   (You took it off a vampire mage on level 3 of the Depths)

   [ring of ice]

   It enhances your ice magic.
   Str:       It affects your strength (+4).
   Int:       It affects your intelligence (+5).
   rF:        It makes you vulnerable to fire.
   rC:        It protects you from cold.
 x - an amulet of reflection
 F - an amulet of faith (around neck)
 K - a ring of protection from fire
 N - a ring of fire
 Y - the ring "Biffaint" {Ice Str+3}
   (You took it off Josephina on level 2 of the Depths)

   [ring of ice]

   It enhances your ice magic.
   Str:       It affects your strength (+3).
   rF:        It makes you vulnerable to fire.
   rC:        It protects you from cold.
Wands
 o - a wand of digging (21)
Scrolls
 p - 8 scrolls of teleportation
 r - 17 scrolls of identify
 M - 2 scrolls of brand weapon
 O - 7 scrolls of enchant weapon
Potions
 d - 12 potions of might
 f - 17 potions of curing
 g - 8 potions of mutation
 j - 9 potions of lignification
 m - 3 potions of magic
 v - 4 potions of cancellation
 H - 7 potions of enlightenment
 I - 2 potions of attraction
 J - 5 potions of haste

Dungeon Overview and Level Annotations

Branches:
Dungeon (15/15)            Temple (1/1) D:5            Lair (5/5) D:11
 Shoals (4/4) Lair:2       Spider (4/4) Lair:3        Slime (0/5) Lair:4
    Orc (2/2) D:10            Elf (0/3) Orc:2        Vaults (5/5) D:13
  Crypt (0/3) Vaults:3     Depths (4/4) D:15            Zot (0/5) Depths:4

Altars:
Ashenzari
Cheibriados
Dithmenos
Elyvilon
Fedhas
Gozag
Hepliaklqana
Kikubaaqudgha
Makhleb
Nemelex Xobeh
Okawaru
Qazlal
Ru
Sif Muna
Trog
Uskayaw
Vehumet
Wu Jian
Xom
Yredelemnul
Zin
The Shining One
Lugonu

Shops:
Orc:1 *?*   Orc:2 (:*?   Shoals:2 =   Shoals:4 *   Vaults:3 !   Depths:2 [

Portals:
Hell: Depths:1 Depths:2 Depths:3 Depths:4
Abyss: Lair:5 Depths:3
Pandemonium: Orc:2 Depths:2
Ziggurat: Depths:2

Annotations:
D:11 2 transporters, exclusion: 2 iron imps, Guaramm's ghost, journeyman KoBr
Lair:1 2 transporters
Lair:3 1 runed translucent door, qw's ghost, journeyman MiHu
Shoals:3 3 runed translucent doors, Glennnyy's ghost, adept GrFi
Spider:1 1 runed translucent door, Vubreenic's ghost, adept CeHu
Orc:2 1 runed translucent door, qw's ghost, adept GrFi
Vaults:1 exclusion: vault sentinel
Vaults:5 Xtahua
Depths:2 exclusions: 4 floating eyes and shining eye


Message History

You slash the shadow dragon!
The shadow dragon is severely wounded.
Your +9 spectral war axe hits the shadow dragon but does no damage.
You hit the shadow dragon.
The shadow dragon is severely wounded.
Your +9 spectral war axe hits the shadow dragon!!
You slash the shadow dragon!
You kill the shadow dragon!
Okawaru accepts your kill.
You hit the shadow dragon. You slash the vault guard! x2
You kill the vault guard!
Okawaru accepts your kill.
Your +9 spectral war axe hits the vault guard!!
Your +9 spectral war axe hits the shadow dragon!
Your +9 spectral war axe hits the shadow dragon!!
Your +9 spectral war axe hits the vault guard!
You hit the vault guard.
The vault guard is almost dead.
You slash the shadow dragon!
Your +9 spectral war axe completely misses the vault guard.
Your +9 spectral war axe hits the shadow dragon!
Your +9 spectral war axe hits the shadow dragon but does no damage.
Your +9 spectral war axe hits the vault guard but does no damage.
You slice the vault guard!!
You kill the vault guard!
Okawaru accepts your kill.
You slash the shadow dragon!
Your +9 spectral war axe hits the shadow dragon!!!
You hear a shout!
Xtahua breathes fire at you. The searing blast hits you!! You resist.
The yaktaur captain shoots a bolt.
You block the bolt.
You hear a shout! x2
48045 ||| READING 9 scrolls of teleportation.
As you read the scroll of teleportation, it crumbles to dust.
You feel strangely unstable.
Your +9 spectral war axe disappears.
The titan waves its arms in wide circles.
The air twists around and strikes you!!
You die...

##. #....# #
##..##....#.#
....#....#.##
.......ยค....
####........##
.....)D<<.....
.....)p@)<....
.....))DpC....
.......)c.....
####.C....9.##
..../.......
##..#....#...
##.#....#..#


You could see Xtahua (catching breath), a shadow dragon, a titan, a yaktaur
captain, a vault guard, an ettin, an ironbound frostheart and a war gargoyle.

Vanquished Creatures
  A dread lich (Vaults:5)
  Mara (Depths:2)
  Josephina (Depths:2)
  Boris (4 times) (Vaults:3 Vaults:4 Depths:1 Depths:4)
  Sojobo (Vaults:3)
  Margery (Vaults:4)
  Saint Roka (Orc:2)
  Nikola (Spider:2)
  Arachne (Spider:3)
  2 bone dragons (Depths:4)
  Rupert (Spider:1)
  4 tentacled monstrosities
  Jorgrun (D:13)
  A lich (Depths:3)
  An ancient champion (Vaults:3)
  4 sphinxes
  Agnes (Spider:2)
  4 tengu reavers
  Roxanne (Shoals:1)
  A shadow dragon (Vaults:5)
  An iron dragon (Depths:2)
  A storm dragon (Depths:4)
  Kirke (Lair:4)
  A fire giant (shapeshifter) (Vaults:4)
  2 fire giants (Depths:3)
  4 emperor scorpions
  12 frost giants
  12 vault wardens
  4 ghost moths
  A balrug (Depths:3)
  Louise (Spider:4)
  Aizul (Spider:2)
  A draconian scorcher (Depths:4)
  A draconian stormcaller (Depths:4)
  A draconian annihilator (Depths:4)
  17 very ugly things
  15 ironbound preservers
  3 spriggan defenders
  3 orc warlords
  8 stone giants
  5 vampire knights
  A war gargoyle (Vaults:3)
  A formless jellyfish (Vaults:4)
  Nessos (D:13)
  6 ironbound thunderhulks
  2 green draconians (Depths:4)
  2 black draconians (Depths:4)
  18 dire elephants
  A deep elf annihilator (Vaults:2)
  A purple draconian (Depths:4)
  4 spark wasps (Depths:2)
  A white draconian (Depths:4)
  4 ettins
  A blizzard demon (Depths:2)
  4 crystal guardians (Vaults:3)
  13 merfolk javelineers
  10 fire dragons
  2 jiangshi (Depths:3)
  11 yaktaur captains
  6 great orbs of eyes
  8 entropy weavers
  Harold (Orc:1)
  31 vault guards
  6 merfolk impalers
  A deep elf high priest (Depths:4)
  2 entropy weavers (shapeshifter)
  2 rakshasas
  3 peacekeepers (Vaults:3)
  Erolcha (D:13)
  3 spriggan air magi
  2 hydras (Lair:5)
  5 ice dragons
  7 merfolk avatars
  An ogre mage (D:15)
  2 demonspawn (Orc:2)
  4 radroaches
  An alligator snapping turtle (Shoals:3)
  A merfolk aquamancer (Shoals:2)
  7 death yaks
  4 satyrs
  7 boulder beetles
  2 jorogumos
  16 centaur warriors
  A deep troll shaman (Depths:4)
  9 two-headed ogres
  A satyr (shapeshifter) (D:15)
  6 tengu warriors
  A deep troll earth mage (Depths:4)
  A death knight (D:13)
  4 orc high priests
  8 demonic crawlers
  11 ironbound frosthearts
  A shock serpent (shapeshifter) (Depths:1)
  5 spriggan berserkers
  2 vampire magi
  2 thrashing horrors (Lair:5)
  Nergalle (Orc:1)
  2 soul eaters
  An iron troll (Depths:4)
  3 sun demons
  6 skeletal warriors
  5 hell knights (Vaults:4)
  A shadow wraith (Vaults:4)
  7 skysharks
  11 sea snakes
  5 pharaoh ants
  14 orb spiders
  A spriggan simulacrum (Depths:2)
  6 glowing orange brains
  13 ironbound convokers
  59 deep trolls
  4 phantasmal warriors
  33 harpies
  12 wizards
  Pikel (D:5)
  A flayed ghost (Depths:3)
  9 lindwurms
  6 steelbarb worms
  11 orc knights
  16 wolf spiders
  51 ugly things
  4 deep elf pyromancers
  3 necromancers
  17 fauns
  9 orc sorcerers (Orc:2)
  An oklob plant (Lair:2)
  A salamander (shapeshifter) (Depths:2)
  2 moths of wrath
  18 manticores
  17 elephants
  13 cyclopes
  7 water nymphs
  A guardian serpent (shapeshifter) (Depths:4)
  9 merfolk sirens
  14 vault sentinels
  2 black mambas
  An eye of devastation (shapeshifter) (Lair:5)
  5 torpor snails
  2 smoke demons
  An unseen horror (D:11)
  2 gargoyles
  3 rime drakes
  20 yaktaurs
  2 kobold demonologists (D:12)
  11 cane toads
  2 ice devils
  5 komodo dragons
  A red devil (Depths:2)
  A golden dragon simulacrum (Depths:2)
  A queen bee (Lair:2)
  2 tengu conjurers (Depths:2)
  A human skeleton (Vaults:2)
  3 polar bears
  5 wind drakes
  2 ancient zymes (Lair:5)
  A merfolk (shapeshifter) (Depths:1)
  A shadow dragon simulacrum (Depths:2)
  7 trolls
  43 merfolk
  13 hornets
  A hellwing (Orc:2)
  22 tarantellas
  A sphinx simulacrum (Depths:2)
  A dream sheep (shapeshifter) (Depths:4)
  20 blink frogs
  7 dream sheep
  A large abomination (Lair:5)
  5 snapping turtles
  An ettin zombie (Vaults:2)
  24 slime creatures
  21 jumping spiders
  8 spriggans
  2 shadows
  21 yaks
  An elf simulacrum (Vaults:2)
  13 culicivoras
  16 humans (D:13)
  2 wraiths (D:12)
  8 water elementals
  67 redbacks
  6 wyverns
  3 hogs (Lair:4)
  11 basilisks
  2 vampire mosquitoes (D:11)
  5 chaos spawn
  Menkaure (D:5)
  2 steam dragons
  4 wargs
  An acid dragon (D:11)
  A floating eye (Depths:2)
  Duvessa (D:4)
  9 water moccasins
  30 orc warriors
  12 small abominations (Lair:5)
  2 black bears
  2 ice beasts (D:7)
  3 sky beasts
  8 ogres
  16 wolves
  16 centaurs
  A lemure (D:5)
  2 phantoms
  11 bullfrogs
  3 kobold brigands
  2 scorpions
  Blork the orc (D:6)
  2 gnoll sergeants
  13 wights
  Dowan (D:4)
  32 killer bees
  8 howler monkeys
  5 electric eels
  A lava snake (D:14)
  4 crimson imps (D:7)
  6 hounds
  26 orc priests
  5 jellies
  A gnoll bouda (D:6)
  Ijyb (D:3)
  5 hell rats (Lair:2)
  3 iguanas
  16 orc wizards
  Natasha (twice) (D:4)
  Robin (D:3)
  9 adders
  11 gnolls
  A river rat (Lair:2)
  A shadow imp (D:7)
  A worm (D:2)
  A dart slug (D:5)
  83 orcs
  7 endoplasms
  4 giant cockroaches
  18 goblins
  8 hobgoblins
  5 quokkas
  10 ball pythons
  7 bats
  2 frilled lizards
  21 kobolds
  3 rats (D:2)
1639 creatures vanquished.

Vanquished Creatures (others)
  A stone giant (Depths:4)
  A spriggan air mage (Depths:4)
  A merfolk (Shoals:3)
  A killer bee (Lair:2)
  An orc (Orc:2)
  45 spectral weapons
50 creatures vanquished.

Grand Total: 1689 creatures vanquished

Notes
Turn   | Place    | Note
-------+----------+-------------------------------------------
     0 | D:1      | qw the Gargoyle Fighter began the quest for the Orb.
     0 | D:1      | Reached XP level 1. HP: 14/14 MP: 1/1
     0 | D:1      | 0 ||| qw: Version: 0.3-a-7-ge0c9b40
     0 | D:1      | 0 ||| qw: Game counter: 737
     0 | D:1      | 0 ||| qw: Always use a shield: true
     0 | D:1      | 0 ||| qw: God list: Okawaru
     0 | D:1      | 0 ||| qw: Allow faded altars: false
     0 | D:1      | 0 ||| qw: Do Orc after D:15 true
     0 | D:1      | 0 ||| qw: Do second Lair branch before Depths: true
     0 | D:1      | 0 ||| qw: Lair rune preference: random
     0 | D:1      | 0 ||| qw: Plans: Normal, Zot:1-4, Slime:5, God:TSO, Crypt,
                  | Tomb, Abyss, Pan, Hells, Win
     0 | D:1      | 0 ||| PLANNING D:1-11
   182 | D:1      | Reached XP level 2. HP: 19/19 MP: 2/2
   242 | D:1      | 242 ||| Stepping ~*~*~tactically~*~*~ (stealth).
   356 | D:1      | 356 ||| DROPPING +0 whip.
   418 | D:1      | 418 ||| READING scroll labelled JOIFUSE TYEHUDI.
   419 | D:1      | 419 ||| READING scroll labelled GUMACU XOERGH.
   420 | D:1      | 420 ||| READING scroll labelled XUMATI SIJOSI.
   421 | D:1      | 421 ||| DRINKING 2 viscous clear potions.
   511 | D:1      | 511 ||| READING scroll labelled XAS NUD WAUNUU.
   575 | D:2      | Reached skill level 3 in Axes
   586 | D:2      | Reached XP level 3. HP: 23/23 MP: 3/3
   636 | D:2      | 636 ||| READING scroll of enchant weapon.
   636 | D:2      | 636 ||| ENCHANTING +1 spectral war axe.
   644 | D:2      | Reached skill level 1 in Throwing
   680 | D:2      | Found a faded altar of an unknown god.
   889 | D:2      | 889 ||| Stepping ~*~*~tactically~*~*~ (stealth).
   890 | D:2      | 890 ||| Stepping ~*~*~tactically~*~*~ (stealth).
   892 | D:2      | 892 ||| Stepping ~*~*~tactically~*~*~ (hiding).
   893 | D:2      | 893 ||| Stepping ~*~*~tactically~*~*~ (hiding).
  1159 | D:2      | Reached XP level 4. HP: 28/28 MP: 4/4
  1310 | D:2      | 1310 ||| READING scroll labelled NOUNOC WUKLARPH.
  1314 | D:2      | 1314 ||| READING scroll labelled SOPNECV RASHE.
  1315 | D:2      | 1315 ||| READING scroll labelled FUIJYS HOTE.
  1316 | D:2      | 1316 ||| READING scroll labelled HUPOIS MUIFE.
  1317 | D:2      | 1317 ||| READING scroll labelled YMEATH YSTESENK.
  1318 | D:2      | 1318 ||| DRINKING 3 fizzy dark potions.
  1319 | D:2      | 1319 ||| DRINKING 2 cyan potions.
  1432 | D:3      | 1432 ||| Stepping ~*~*~tactically~*~*~ (hiding).
  1433 | D:3      | 1433 ||| Stepping ~*~*~tactically~*~*~ (hiding).
  1447 | D:3      | 1447 ||| DRINKING potion of curing.
  1447 | D:3      | 1447 ||| (to cure confusion)
  1452 | D:3      | HP: 5/28 [orc/+0 trident (4)]
  1453 | D:3      | 1453 ||| DRINKING 2 potions of heal wounds.
  1472 | D:3      | 1472 ||| FLEEEEING.
  1512 | D:3      | 1512 ||| DROPPING +0 mace.
  1523 | D:3      | 1523 ||| DROPPING +0 flail.
  1547 | D:3      | Found a white marble altar of Elyvilon.
  1581 | D:3      | Reached XP level 5. HP: 32/32 MP: 5/5
  1613 | D:3      | 1613 ||| Stepping ~*~*~tactically~*~*~ (stealth).
  1616 | D:3      | Noticed Robin
  1632 | D:3      | Killed Robin
  1633 | D:3      | 1633 ||| FLEEEEING.
  1638 | D:3      | 1638 ||| FLEEEEING.
  1639 | D:3      | 1639 ||| FLEEEEING.
  1640 | D:3      | 1640 ||| Stepping ~*~*~tactically~*~*~ (stealth).
  1738 | D:3      | Found a stormy altar of Qazlal.
  1738 | D:3      | Noticed a sky beast
  1767 | D:3      | HP: 7/32 [something (2)]
  1772 | D:3      | HP: 4/32 [something (1)]
  1775 | D:3      | Killed a sky beast
  1776 | D:3      | Reached XP level 6. HP: 3/37 MP: 6/6
  1905 | D:3      | Noticed Ijyb
  1906 | D:3      | 1906 ||| Stepping ~*~*~tactically~*~*~ (hiding).
  1907 | D:3      | 1907 ||| Stepping ~*~*~tactically~*~*~ (hiding).
  1921 | D:3      | Killed Ijyb
  1967 | D:3      | 1967 ||| Stepping ~*~*~tactically~*~*~ (hiding).
  2128 | D:3      | Reached skill level 4 in Fighting
  2395 | D:3      | You fall into a shaft and drop 1 floor!
  2396 | D:4      | 2396 ||| UPGRADING to +1 helmet.
  2401 | D:4      | 2401 ||| UPGRADING to +0 chain mail.
  2411 | D:4      | 2411 ||| DROPPING +0 scale mail.
  2412 | D:4      | 2412 ||| UPGRADING to +4 ring of slaying {mikee}.
  2413 | D:4      | 2413 ||| READING 2 scrolls of identify.
  2413 | D:4      | 2413 ||| IDENTIFYING purple potion
  2416 | D:4      | 2416 ||| STAIRDANCE
  2644 | D:4      | 2644 ||| Stepping ~*~*~tactically~*~*~ (stealth).
  2723 | D:4      | Found a sacrificial altar of Ru.
  2787 | D:4      | 2787 ||| READING scroll of enchant weapon.
  2787 | D:4      | 2787 ||| ENCHANTING +2 spectral war axe.
  2811 | D:4      | Noticed Natasha
  2816 | D:4      | Killed Natasha
  2857 | D:4      | 2857 ||| Stepping ~*~*~tactically~*~*~ (stealth).
  2862 | D:4      | Reached skill level 6 in Axes
  2862 | D:4      | Reached XP level 7. HP: 43/43 MP: 7/7
  2873 | D:4      | Reached skill level 1 in Dodging
  3031 | D:4      | Noticed Dowan
  3031 | D:4      | Noticed Duvessa
  3032 | D:4      | 3032 ||| Stepping ~*~*~tactically~*~*~ (hiding).
  3043 | D:4      | Killed Dowan
  3048 | D:4      | HP: 2/43 [Duvessa/+0 short sword (9)]
  3049 | D:4      | 3049 ||| READING scroll of teleportation.
  3050 | D:4      | 3050 ||| DRINKING potion of heal wounds.
  3051 | D:4      | Killed Duvessa
  3055 | D:4      | Noticed Natasha
  3056 | D:4      | 3056 ||| FLEEEEING.
  3057 | D:4      | 3057 ||| FLEEEEING.
  3058 | D:4      | 3058 ||| FLEEEEING.
  3059 | D:4      | 3059 ||| FLEEEEING.
  3062 | D:4      | 3062 ||| FLEEEEING.
  3068 | D:4      | Killed Natasha
  3389 | D:4      | 3389 ||| UPGRADING to +0 pair of gloves.
  3394 | D:4      | 3394 ||| DRINKING 2 fizzy white potions.
  3395 | D:4      | 3395 ||| READING 2 scrolls of identify.
  3395 | D:4      | 3395 ||| IDENTIFYING grey potion
  3396 | D:4      | 3396 ||| DROPPING potion of degeneration.
  3397 | D:4      | 3397 ||| DROPPING potion of brilliance.
  3405 | D:5      | Entered Level 5 of the Dungeon
  3425 | D:5      | Found a burning altar of Makhleb.
  3433 | D:5      | Reached XP level 8. HP: 48/48 MP: 8/8
  3504 | D:5      | Reached skill level 5 in Fighting
  3587 | D:5      | 3587 ||| Stepping ~*~*~tactically~*~*~ (hiding).
  3590 | D:5      | 3590 ||| Stepping ~*~*~tactically~*~*~ (hiding).
  3870 | D:5      | 3870 ||| Stepping ~*~*~tactically~*~*~ (hiding).
  3871 | D:5      | 3871 ||| Stepping ~*~*~tactically~*~*~ (hiding).
  3872 | D:5      | 3872 ||| Stepping ~*~*~tactically~*~*~ (hiding).
  3896 | D:5      | 3896 ||| Stepping ~*~*~tactically~*~*~ (stealth).
  3899 | D:5      | Noticed Pikel
  3899 | D:5      | 3899 ||| Stepping ~*~*~tactically~*~*~ (stealth).
  3906 | D:5      | 3906 ||| Stepping ~*~*~tactically~*~*~ (stealth).
  3912 | D:5      | Killed Pikel
  3913 | D:5      | Reached skill level 9 in Axes
  3991 | D:5      | 3991 ||| Stepping ~*~*~tactically~*~*~ (stealth).
  4057 | D:5      | Noticed Menkaure
  4065 | D:5      | Killed Menkaure
  4066 | D:5      | Reached XP level 9. HP: 54/54 MP: 9/9
  4311 | D:5      | Found a staircase to the Ecumenical Temple.
  4312 | D:5      | 4312 ||| PLANNING TEMPLE
  4312 | D:5      | 4312 ||| DRINKING 2 black potions.
  4322 | Temple   | Entered the Ecumenical Temple
  4323 | Temple   | 4323 ||| PLANNING OKAWARU WORSHIP
  4341 | Temple   | Became a worshipper of Warmaster Okawaru
  4342 | Temple   | 4342 ||| PLANNING D:1-11
  4445 | D:5      | Found a sparkling altar of Nemelex Xobeh.
  4627 | D:6      | 4627 ||| Stepping ~*~*~tactically~*~*~ (stealth).
  4629 | D:6      | 4629 ||| Stepping ~*~*~tactically~*~*~ (hiding).
  4641 | D:6      | Reached skill level 6 in Fighting
  4745 | D:6      | 4745 ||| DROPPING +0 morningstar.
  4757 | D:6      | Found a shimmering blue altar of Sif Muna.
  4758 | D:6      | Found a blossoming altar of Fedhas.
  4759 | D:6      | Found a basalt altar of Yredelemnul.
  4761 | D:6      | Found a shadowy altar of Dithmenos.
  4762 | D:6      | Noticed Blork the orc
  4763 | D:6      | 4763 ||| Stepping ~*~*~tactically~*~*~ (hiding).
  4769 | D:6      | Killed Blork the orc
  5164 | D:6      | Found a glowing golden altar of the Shining One.
  5196 | D:6      | Reached * piety under Okawaru
  5201 | D:6      | 5201 ||| INVOKING Heroism.
  5207 | D:6      | Reached skill level 7 in Fighting
  5230 | D:6      | 5230 ||| Stepping ~*~*~tactically~*~*~ (hiding).
  5231 | D:6      | 5231 ||| Stepping ~*~*~tactically~*~*~ (hiding).
  5236 | D:6      | Reached skill level 1 in Invocations
  5334 | D:6      | 5334 ||| Stepping ~*~*~tactically~*~*~ (hiding).
  5682 | D:6      | 5682 ||| Stepping ~*~*~tactically~*~*~ (stealth).
  5685 | D:6      | 5685 ||| Stepping ~*~*~tactically~*~*~ (hiding).
  5687 | D:6      | 5687 ||| INVOKING Heroism.
  5843 | D:7      | Reached skill level 3 in Invocations
  5884 | D:7      | 5884 ||| INVOKING Heroism.
  5897 | D:7      | Reached XP level 10. HP: 50/63 MP: 10/13
  5897 | D:7      | Reached ** piety under Okawaru
  6122 | D:7      | 6122 ||| Stepping ~*~*~tactically~*~*~ (stealth).
  6125 | D:7      | 6125 ||| Stepping ~*~*~tactically~*~*~ (hiding).
  6129 | D:7      | 6129 ||| Stepping ~*~*~tactically~*~*~ (hiding).
  6130 | D:7      | 6130 ||| Stepping ~*~*~tactically~*~*~ (hiding).
  6330 | D:7      | 6330 ||| Stepping ~*~*~tactically~*~*~ (hiding).
  6332 | D:7      | 6332 ||| Stepping ~*~*~tactically~*~*~ (stealth).
  6333 | D:7      | 6333 ||| INVOKING Heroism.
  6336 | D:7      | Reached skill level 8 in Fighting
  6600 | D:7      | Found a shimmering altar of Xom.
  6610 | D:7      | 6610 ||| INVOKING Heroism.
  6620 | D:7      | 6620 ||| Stepping ~*~*~tactically~*~*~ (stealth).
  6649 | D:7      | 6649 ||| FLEEEEING.
  6651 | D:7      | 6651 ||| STAIRDANCE
  6690 | D:6      | 6690 ||| UPGRADING to +0 kite shield.
  6700 | D:6      | 6700 ||| DROPPING +0 buckler.
  6701 | D:6      | 6701 ||| UPGRADING to +0 chain mail of fire resistance.
  6711 | D:6      | 6711 ||| DROPPING +0 chain mail.
  6712 | D:6      | 6712 ||| UPGRADING to +0 plate armour.
  6866 | D:8      | 6866 ||| Stepping ~*~*~tactically~*~*~ (stealth).
  6868 | D:8      | 6868 ||| Stepping ~*~*~tactically~*~*~ (stealth).
  6879 | D:8      | 6879 ||| Stepping ~*~*~tactically~*~*~ (hiding).
  6881 | D:8      | 6881 ||| Stepping ~*~*~tactically~*~*~ (hiding).
  6885 | D:8      | 6885 ||| INVOKING Heroism.
  6891 | D:8      | 6891 ||| Stepping ~*~*~tactically~*~*~ (hiding).
  6892 | D:8      | 6892 ||| Stepping ~*~*~tactically~*~*~ (hiding).
  6925 | D:8      | 6925 ||| Stepping ~*~*~tactically~*~*~ (stealth).
  6927 | D:8      | 6927 ||| Stepping ~*~*~tactically~*~*~ (stealth).
  6930 | D:8      | 6930 ||| Stepping ~*~*~tactically~*~*~ (stealth).
  6939 | D:8      | Reached skill level 6 in Shields
  7271 | D:8      | 7271 ||| READING scroll labelled AFIGEDW FERCHAI.
  7327 | D:9      | 7327 ||| Stepping ~*~*~tactically~*~*~ (hiding).
  7356 | D:9      | 7356 ||| Stepping ~*~*~tactically~*~*~ (hiding).
  7365 | D:9      | 7365 ||| Stepping ~*~*~tactically~*~*~ (stealth).
  7368 | D:9      | 7368 ||| Stepping ~*~*~tactically~*~*~ (stealth).
  7580 | D:9      | Noticed a two-headed ogre
  7581 | D:9      | 7581 ||| INVOKING Heroism.
  7585 | D:9      | Killed a two-headed ogre
  7660 | D:9      | 7660 ||| INVOKING Heroism.
  7769 | D:9      | 7769 ||| Stepping ~*~*~tactically~*~*~ (stealth).
  7900 | D:9      | 7900 ||| UPGRADING to +0 pair of boots.
  7905 | D:9      | 7905 ||| READING scroll labelled RARION IBRI.
  7906 | D:9      | 7906 ||| READING 5 scrolls of identify.
  7906 | D:9      | 7906 ||| IDENTIFYING murky emerald potion
  7907 | D:9      | 7907 ||| DROPPING potion of ambrosia.
  7923 | D:10     | Entered Level 10 of the Dungeon
  7924 | D:10     | 7924 ||| INVOKING Heroism.
  7927 | D:10     | Reached skill level 6 in Armour
  7994 | D:10     | Reached skill level 9 in Shields
  8002 | D:10     | Reached *** piety under Okawaru
  8016 | D:10     | Found a staircase to the Orcish Mines.
  8054 | D:10     | Reached XP level 11. HP: 68/68 MP: 14/14
  8334 | D:10     | Noticed a two-headed ogre
  8335 | D:10     | 8335 ||| INVOKING Heroism.
  8339 | D:10     | Killed a two-headed ogre
  8623 | D:10     | 8623 ||| READING scroll labelled YSETWOCIKK.
  8624 | D:10     | 8624 ||| READING 5 scrolls of identify.
  8624 | D:10     | 8624 ||| IDENTIFYING blue potion
  8664 | D:11     | 8664 ||| INVOKING Heroism.
  8667 | D:11     | Found a staircase to the Lair.
  8673 | D:11     | 8673 ||| Stepping ~*~*~tactically~*~*~ (water).
  8676 | D:11     | Reached skill level 3 in Throwing
  8677 | D:11     | 8677 ||| Stepping ~*~*~tactically~*~*~ (water).
  8729 | D:11     | 8729 ||| Stepping ~*~*~tactically~*~*~ (hiding).
  8730 | D:11     | 8730 ||| Stepping ~*~*~tactically~*~*~ (hiding).
  8896 | D:11     | 8896 ||| READING scroll of enchant weapon.
  8896 | D:11     | 8896 ||| ENCHANTING +3 spectral war axe.
  8903 | D:11     | Reached **** piety under Okawaru
  8951 | D:11     | Found a transporter.
  8959 | D:11     | Noticed a moth of wrath
  8959 | D:11     | Noticed a fire dragon
  8978 | D:11     | Noticed Guaramm's ghost (journeyman KoBr)
  8985 | D:11     | Found a transporter.
  8996 | D:11     | Noticed a two-headed ogre
  8997 | D:11     | 8997 ||| INVOKING Heroism.
  9001 | D:11     | Killed a two-headed ogre
  9001 | D:11     | Received a gift from Okawaru
  9051 | D:11     | 9051 ||| INVOKING Heroism.
  9300 | D:11     | Found a burning altar of Makhleb.
  9401 | D:11     | Noticed a cyclops
  9402 | D:11     | 9402 ||| INVOKING Heroism.
  9410 | D:11     | Killed a cyclops
  9559 | D:11     | 9559 ||| PLANNING LAIR
  9559 | D:11     | 9559 ||| UPGRADING to amulet of reflection.
  9587 | Lair:1   | Entered Level 1 of the Lair of Beasts
  9588 | Lair:1   | 9588 ||| INVOKING Heroism.
  9609 | Lair:1   | 9609 ||| INVOKING Heroism.
  9764 | Lair:1   | Found a transporter.
  9882 | Lair:1   | 9882 ||| INVOKING Heroism.
  9888 | Lair:1   | 9888 ||| Stepping ~*~*~tactically~*~*~ (stealth).
  9889 | Lair:1   | 9889 ||| Stepping ~*~*~tactically~*~*~ (stealth).
  9890 | Lair:1   | 9890 ||| Stepping ~*~*~tactically~*~*~ (stealth).
  9900 | Lair:1   | 9900 ||| Stepping ~*~*~tactically~*~*~ (hiding).
  9902 | Lair:1   | 9902 ||| Stepping ~*~*~tactically~*~*~ (hiding).
  9924 | Lair:1   | 9924 ||| Stepping ~*~*~tactically~*~*~ (stealth).
  9931 | Lair:1   | 9931 ||| Stepping ~*~*~tactically~*~*~ (stealth).
  9995 | Lair:1   | Found a transporter.
 10197 | Lair:1   | 10197 ||| INVOKING Heroism.
 10432 | Lair:1   | 10432 ||| READING scroll labelled BUSSUCH ZUDIN.
 10433 | Lair:1   | 10433 ||| READING 3 scrolls labelled OMUCEW SIGOA.
 10434 | Lair:1   | 10434 ||| DROPPING 2 scrolls of noise.
 10480 | Lair:2   | Reached XP level 12. HP: 75/75 MP: 16/16
 10481 | Lair:2   | Reached skill level 6 in Invocations
 10552 | Lair:2   | Reached skill level 9 in Fighting
 10596 | Lair:2   | 10596 ||| Stepping ~*~*~tactically~*~*~ (hiding).
 10614 | Lair:2   | 10614 ||| INVOKING Heroism.
 10636 | Lair:2   | 10636 ||| Stepping ~*~*~tactically~*~*~ (stealth).
 10639 | Lair:2   | 10639 ||| Stepping ~*~*~tactically~*~*~ (stealth).
 10641 | Lair:2   | 10641 ||| Stepping ~*~*~tactically~*~*~ (stealth).
 10642 | Lair:2   | 10642 ||| Stepping ~*~*~tactically~*~*~ (stealth).
 10686 | Lair:2   | 10686 ||| Stepping ~*~*~tactically~*~*~ (stealth).
 10749 | Lair:2   | Noticed a skyshark
 10760 | Lair:2   | Killed a skyshark
 10800 | Lair:2   | Received a gift from Okawaru
 10940 | Lair:2   | Identified the +0 ring mail of the Volcano {+Blink rCorr}
 10995 | Lair:2   | 10995 ||| Stepping ~*~*~tactically~*~*~ (stealth).
 11008 | Lair:2   | Reached ***** piety under Okawaru
 11022 | Lair:2   | 11022 ||| Stepping ~*~*~tactically~*~*~ (hiding).
 11023 | Lair:2   | 11023 ||| Stepping ~*~*~tactically~*~*~ (hiding).
 11024 | Lair:2   | 11024 ||| Stepping ~*~*~tactically~*~*~ (hiding).
 11025 | Lair:2   | 11025 ||| Stepping ~*~*~tactically~*~*~ (stealth).
 11105 | Lair:2   | 11105 ||| Stepping ~*~*~tactically~*~*~ (hiding).
 11141 | Lair:2   | 11141 ||| Stepping ~*~*~tactically~*~*~ (stealth).
 11153 | Lair:2   | 11153 ||| INVOKING Heroism.
 11178 | Lair:2   | 11178 ||| Stepping ~*~*~tactically~*~*~ (stealth).
 11179 | Lair:2   | 11179 ||| Stepping ~*~*~tactically~*~*~ (stealth).
 11285 | Lair:2   | 11285 ||| INVOKING Heroism.
 11383 | Lair:2   | Found a staircase to the Shoals.
 11564 | Lair:2   | 11564 ||| INVOKING Heroism.
 11570 | Lair:2   | Reached skill level 12 in Axes
 11596 | Lair:2   | 11596 ||| INVOKING Heroism.
 11718 | Lair:2   | 11718 ||| INVOKING Heroism.
 11719 | Lair:2   | 11719 ||| Stepping ~*~*~tactically~*~*~ (cloud).
 11724 | Lair:2   | Reached skill level 9 in Invocations
 11742 | Lair:2   | 11742 ||| Stepping ~*~*~tactically~*~*~ (stealth).
 11750 | Lair:2   | 11750 ||| Stepping ~*~*~tactically~*~*~ (stealth).
 11761 | Lair:2   | 11761 ||| Stepping ~*~*~tactically~*~*~ (stealth).
 11772 | Lair:2   | 11772 ||| Stepping ~*~*~tactically~*~*~ (stealth).
 11790 | Lair:2   | Received a gift from Okawaru
 11791 | Lair:2   | 11791 ||| Stepping ~*~*~tactically~*~*~ (hiding).
 11792 | Lair:2   | 11792 ||| Stepping ~*~*~tactically~*~*~ (stealth).
 11793 | Lair:2   | 11793 ||| Stepping ~*~*~tactically~*~*~ (stealth).
 11794 | Lair:2   | 11794 ||| Stepping ~*~*~tactically~*~*~ (stealth).
 11811 | Lair:2   | 11811 ||| Stepping ~*~*~tactically~*~*~ (stealth).
 11817 | Lair:2   | 11817 ||| Stepping ~*~*~tactically~*~*~ (stealth).
 11970 | Lair:2   | 11970 ||| READING scroll labelled QAXKUZO MOJUACIJAC.
 11971 | Lair:2   | 11971 ||| READING 3 scrolls labelled YMEJAX OGAKHEB.
 12018 | Lair:2   | 12018 ||| READING scroll labelled WAROTHR JAEG.
 12018 | Lair:2   | Identified a scroll of acquirement
 12018 | Lair:2   | 12018 ||| ACQUIRING scarf of a Million Stories {harm, rF+}
 12018 | Lair:2   | Acquired the scarf of a Million Stories {harm, rF+}
 12020 | Lair:2   | 12020 ||| DROPPING 2 scrolls of torment.
 12039 | Lair:3   | Noticed a death yak
 12040 | Lair:3   | 12040 ||| INVOKING Heroism.
 12041 | Lair:3   | 12041 ||| INVOKING Finesse.
 12046 | Lair:3   | Killed a death yak
 12047 | Lair:3   | Reached skill level 9 in Armour
 12281 | Lair:3   | Reached XP level 13. HP: 80/80 MP: 20/20
 12298 | Lair:3   | Found a runed translucent door.
 12311 | Lair:3   | Noticed qw's ghost (journeyman MiHu)
 12334 | Lair:3   | 12334 ||| INVOKING Heroism.
 12350 | Lair:3   | Found a hole to the Spider Nest.
 12449 | Lair:3   | Reached skill level 10 in Fighting
 12734 | Lair:3   | 12734 ||| READING scroll of enchant weapon.
 12734 | Lair:3   | 12734 ||| ENCHANTING +4 spectral war axe.
 12790 | Lair:3   | Found the +7 sceptre of Torment {pain, torment}
 14179 | Lair:4   | Received a gift from Okawaru
 14191 | Lair:4   | Noticed Kirke
 14192 | Lair:4   | 14192 ||| INVOKING Heroism.
 14197 | Lair:4   | 14197 ||| Stepping ~*~*~tactically~*~*~ (hiding).
 14203 | Lair:4   | 14203 ||| DRINKING 4 potions of cancellation.
 14204 | Lair:4   | 14204 ||| DRINKING 3 potions of cancellation.
 14208 | Lair:4   | Killed Kirke
 14487 | Lair:4   | 14487 ||| INVOKING Heroism.
 14491 | Lair:4   | Received a gift from Okawaru
 14521 | Lair:4   | 14521 ||| Stepping ~*~*~tactically~*~*~ (stealth).
 14522 | Lair:4   | 14522 ||| Stepping ~*~*~tactically~*~*~ (stealth).
 14522 | Lair:4   | Found a staircase to the Slime Pits.
 14524 | Lair:4   | 14524 ||| Stepping ~*~*~tactically~*~*~ (stealth).
 14528 | Lair:4   | 14528 ||| Stepping ~*~*~tactically~*~*~ (stealth).
 14562 | Lair:4   | 14562 ||| INVOKING Heroism.
 14563 | Lair:4   | 14563 ||| INVOKING Finesse.
 14584 | Lair:4   | 14584 ||| Stepping ~*~*~tactically~*~*~ (stealth).
 14586 | Lair:4   | 14586 ||| Stepping ~*~*~tactically~*~*~ (stealth).
 14587 | Lair:4   | 14587 ||| Stepping ~*~*~tactically~*~*~ (stealth).
 14588 | Lair:4   | 14588 ||| Stepping ~*~*~tactically~*~*~ (stealth).
 14589 | Lair:4   | 14589 ||| Stepping ~*~*~tactically~*~*~ (stealth).
 14590 | Lair:4   | 14590 ||| Stepping ~*~*~tactically~*~*~ (stealth).
 14594 | Lair:4   | 14594 ||| Stepping ~*~*~tactically~*~*~ (stealth).
 14611 | Lair:4   | 14611 ||| Stepping ~*~*~tactically~*~*~ (stealth).
 14654 | Lair:4   | 14654 ||| Stepping ~*~*~tactically~*~*~ (stealth).
 14655 | Lair:4   | 14655 ||| Stepping ~*~*~tactically~*~*~ (stealth).
 14659 | Lair:4   | 14659 ||| INVOKING Heroism.
 14660 | Lair:4   | 14660 ||| INVOKING Finesse.
 14889 | Lair:4   | 14889 ||| INVOKING Heroism.
 14964 | Lair:4   | 14964 ||| Stepping ~*~*~tactically~*~*~ (stealth).
 14966 | Lair:4   | 14966 ||| Stepping ~*~*~tactically~*~*~ (stealth).
 14968 | Lair:4   | 14968 ||| Stepping ~*~*~tactically~*~*~ (stealth).
 15002 | Lair:4   | 15002 ||| READING scroll of enchant armour.
 15002 | Lair:4   | 15002 ||| ENCHANTING +0 pair of gloves.
 15290 | Lair:4   | 15290 ||| READING 7 scrolls of identify.
 15290 | Lair:4   | 15290 ||| IDENTIFYING metallic puce potion
 15291 | Lair:4   | 15291 ||| DROPPING potion of invisibility.
 15307 | Lair:5   | Entered Level 5 of the Lair of Beasts
 15308 | Lair:5   | 15308 ||| INVOKING Heroism.
 15334 | Lair:5   | 15334 ||| INVOKING Heroism.
 15338 | Lair:5   | 15338 ||| Stepping ~*~*~tactically~*~*~ (stealth).
 15353 | Lair:5   | 15353 ||| SWAPPING to +7 sceptre of Torment {pain,
                  | torment}.
 15363 | Lair:5   | 15363 ||| SWAPPING to +5 spectral war axe.
 15375 | Lair:5   | 15375 ||| FLEEEEING.
 15379 | Lair:5   | 15379 ||| STAIRDANCE
 15428 | Lair:5   | 15428 ||| INVOKING Heroism.
 15429 | Lair:5   | 15429 ||| SWAPPING to +7 sceptre of Torment {pain,
                  | torment}.
 15435 | Lair:5   | Gained mutation: Your large and strong wings let you fly.
                  | [Gargoyle growth]
 15435 | Lair:5   | Reached XP level 14. HP: 72/88 MP: 19/21
 15435 | Lair:5   | 15435 ||| SWAPPING to +5 spectral war axe.
 15558 | Lair:5   | 15558 ||| INVOKING Heroism.
 15810 | Lair:5   | 15810 ||| Stepping ~*~*~tactically~*~*~ (stealth).
 15943 | Lair:5   | 15943 ||| Stepping ~*~*~tactically~*~*~ (stealth).
 15956 | Lair:5   | Received a gift from Okawaru
 15960 | Lair:5   | 15960 ||| Stepping ~*~*~tactically~*~*~ (stealth).
 15977 | Lair:5   | Reached skill level 11 in Fighting
 15998 | Lair:5   | 15998 ||| FLEEEEING.
 15999 | Lair:5   | 15999 ||| FLEEEEING.
 16000 | Lair:5   | 16000 ||| FLEEEEING.
 16001 | Lair:5   | 16001 ||| FLEEEEING.
 16002 | Lair:5   | 16002 ||| FLEEEEING.
 16004 | Lair:5   | 16004 ||| FLEEEEING.
 16006 | Lair:5   | 16006 ||| FLEEEEING.
 16007 | Lair:5   | 16007 ||| FLEEEEING.
 16008 | Lair:5   | 16008 ||| FLEEEEING.
 16009 | Lair:5   | 16009 ||| FLEEEEING.
 16037 | Lair:5   | 16037 ||| FLEEEEING.
 16038 | Lair:5   | 16038 ||| FLEEEEING.
 16039 | Lair:5   | 16039 ||| FLEEEEING.
 16040 | Lair:5   | 16040 ||| FLEEEEING.
 16041 | Lair:5   | 16041 ||| FLEEEEING.
 16042 | Lair:5   | 16042 ||| FLEEEEING.
 16043 | Lair:5   | 16043 ||| FLEEEEING.
 16044 | Lair:5   | 16044 ||| FLEEEEING.
 16045 | Lair:5   | 16045 ||| FLEEEEING.
 16046 | Lair:5   | 16046 ||| FLEEEEING.
 16047 | Lair:5   | 16047 ||| FLEEEEING.
 16048 | Lair:5   | 16048 ||| FLEEEEING.
 16049 | Lair:5   | 16049 ||| FLEEEEING.
 16050 | Lair:5   | 16050 ||| FLEEEEING.
 16051 | Lair:5   | 16051 ||| FLEEEEING.
 16052 | Lair:5   | 16052 ||| FLEEEEING.
 16053 | Lair:5   | 16053 ||| FLEEEEING.
 16054 | Lair:5   | 16054 ||| FLEEEEING.
 16055 | Lair:5   | 16055 ||| FLEEEEING.
 16056 | Lair:5   | 16056 ||| FLEEEEING.
 16057 | Lair:5   | 16057 ||| FLEEEEING.
 16058 | Lair:5   | 16058 ||| FLEEEEING.
 16059 | Lair:5   | 16059 ||| FLEEEEING.
 16060 | Lair:5   | 16060 ||| FLEEEEING.
 16062 | Lair:5   | 16062 ||| FLEEEEING.
 16064 | Lair:5   | 16064 ||| FLEEEEING.
 16065 | Lair:5   | 16065 ||| STAIRDANCE
 16173 | Lair:5   | 16173 ||| Stepping ~*~*~tactically~*~*~ (stealth).
 16205 | Lair:5   | 16205 ||| Stepping ~*~*~tactically~*~*~ (stealth).
 16242 | Lair:5   | 16242 ||| Stepping ~*~*~tactically~*~*~ (stealth).
 16354 | Lair:5   | Received a gift from Okawaru
 16374 | Lair:5   | 16374 ||| Stepping ~*~*~tactically~*~*~ (hiding).
 16396 | Lair:5   | Reached skill level 12 in Shields
 16421 | Lair:5   | Identified the +0 ring mail "Nurpheuj" {Slay+6} (Okawaru
                  | gifted it to you on level 5 of the Lair of Beasts)
 16421 | Lair:5   | Received a gift from Okawaru
 16426 | Lair:5   | 16426 ||| Stepping ~*~*~tactically~*~*~ (stealth).
 16455 | Lair:5   | Found a corrupted altar of Lugonu.
 16455 | Lair:5   | Found a one-way gate to the infinite horrors of the Abyss.
 16601 | Lair:5   | 16601 ||| PLANNING D
 16601 | Lair:5   | 16601 ||| UPGRADING to +0 cloak.
 16606 | Lair:5   | 16606 ||| UPGRADING to +6 ring of dexterity.
 16779 | D:12     | 16779 ||| Stepping ~*~*~tactically~*~*~ (stealth).
 16781 | D:12     | 16781 ||| INVOKING Heroism.
 16783 | D:12     | 16783 ||| INVOKING Finesse.
 16910 | D:12     | 16910 ||| INVOKING Heroism.
 16915 | D:12     | 16915 ||| INVOKING Finesse.
 16921 | D:12     | Reached skill level 3 in Dodging
 16986 | D:12     | 16986 ||| Stepping ~*~*~tactically~*~*~ (hiding).
 16987 | D:12     | 16987 ||| Stepping ~*~*~tactically~*~*~ (hiding).
 17024 | D:12     | 17024 ||| Stepping ~*~*~tactically~*~*~ (stealth).
 17026 | D:12     | 17026 ||| Stepping ~*~*~tactically~*~*~ (hiding).
 17027 | D:12     | 17027 ||| Stepping ~*~*~tactically~*~*~ (hiding).
 17029 | D:12     | 17029 ||| Stepping ~*~*~tactically~*~*~ (hiding).
 17030 | D:12     | 17030 ||| Stepping ~*~*~tactically~*~*~ (hiding).
 17032 | D:12     | 17032 ||| Stepping ~*~*~tactically~*~*~ (hiding).
 17166 | D:12     | 17166 ||| Stepping ~*~*~tactically~*~*~ (hiding).
 17281 | D:12     | 17281 ||| Stepping ~*~*~tactically~*~*~ (hiding).
 17288 | D:12     | Identified the +8 long sword of Joyful Slaughter {drain,
                  | +Blink Fly rF++ rC+}
 17290 | D:12     | 17290 ||| Stepping ~*~*~tactically~*~*~ (hiding).
 17620 | D:13     | Noticed Jorgrun
 17620 | D:13     | Found a gate to the Vaults.
 17621 | D:13     | 17621 ||| INVOKING Heroism.
 17622 | D:13     | 17622 ||| INVOKING Finesse.
 17625 | D:13     | Reached skill level 6 in Throwing
 17634 | D:13     | Reached XP level 15. HP: 71/94 MP: 15/22
 17635 | D:13     | Killed Jorgrun
 17636 | D:13     | Reached skill level 15 in Axes
 17736 | D:13     | 17736 ||| Stepping ~*~*~tactically~*~*~ (hiding).
 17738 | D:13     | Noticed Nessos
 17739 | D:13     | 17739 ||| INVOKING Finesse.
 17742 | D:13     | 17742 ||| Stepping ~*~*~tactically~*~*~ (hiding).
 17759 | D:13     | Killed Nessos
 17768 | D:13     | 17768 ||| Stepping ~*~*~tactically~*~*~ (stealth).
 17770 | D:13     | 17770 ||| Stepping ~*~*~tactically~*~*~ (stealth).
 17777 | D:13     | 17777 ||| Stepping ~*~*~tactically~*~*~ (stealth).
 17781 | D:13     | 17781 ||| Stepping ~*~*~tactically~*~*~ (stealth).
 17785 | D:13     | 17785 ||| Stepping ~*~*~tactically~*~*~ (hiding).
 17786 | D:13     | 17786 ||| Stepping ~*~*~tactically~*~*~ (hiding).
 17943 | D:13     | 17943 ||| Stepping ~*~*~tactically~*~*~ (hiding).
 17946 | D:13     | 17946 ||| Stepping ~*~*~tactically~*~*~ (hiding).
 17987 | D:13     | Received a gift from Okawaru
 18077 | D:13     | Noticed Erolcha
 18083 | D:13     | Killed Erolcha
 18109 | D:13     | 18109 ||| INVOKING Heroism.
 18378 | D:13     | 18378 ||| FLEEEEING.
 18382 | D:13     | 18382 ||| FLEEEEING.
 18383 | D:13     | 18383 ||| FLEEEEING.
 18384 | D:13     | 18384 ||| FLEEEEING.
 18385 | D:13     | 18385 ||| FLEEEEING.
 18386 | D:13     | 18386 ||| FLEEEEING.
 18387 | D:13     | 18387 ||| FLEEEEING.
 18388 | D:13     | 18388 ||| FLEEEEING.
 18389 | D:13     | 18389 ||| FLEEEEING.
 18390 | D:13     | 18390 ||| FLEEEEING.
 18391 | D:13     | 18391 ||| FLEEEEING.
 18392 | D:13     | 18392 ||| FLEEEEING.
 18396 | D:13     | 18396 ||| FLEEEEING.
 18397 | D:13     | 18397 ||| FLEEEEING.
 18398 | D:13     | 18398 ||| FLEEEEING.
 18399 | D:13     | 18399 ||| FLEEEEING.
 18401 | D:13     | 18401 ||| FLEEEEING.
 18402 | D:13     | 18402 ||| FLEEEEING.
 18403 | D:13     | 18403 ||| FLEEEEING.
 18404 | D:13     | 18404 ||| FLEEEEING.
 18405 | D:13     | 18405 ||| FLEEEEING.
 18406 | D:13     | 18406 ||| FLEEEEING.
 18407 | D:13     | 18407 ||| FLEEEEING.
 18408 | D:13     | 18408 ||| FLEEEEING.
 18413 | D:13     | 18413 ||| Stepping ~*~*~tactically~*~*~ (hiding).
 18733 | D:13     | 18733 ||| UPGRADING to scarf of repulsion.
 18775 | D:14     | Received a gift from Okawaru
 18792 | D:14     | 18792 ||| Stepping ~*~*~tactically~*~*~ (hiding).
 18793 | D:14     | 18793 ||| Stepping ~*~*~tactically~*~*~ (hiding).
 18795 | D:14     | 18795 ||| Stepping ~*~*~tactically~*~*~ (hiding).
 18801 | D:14     | Reached skill level 12 in Fighting
 18899 | D:14     | 18899 ||| Stepping ~*~*~tactically~*~*~ (stealth).
 18908 | D:14     | 18908 ||| INVOKING Heroism.
 19007 | D:14     | 19007 ||| Stepping ~*~*~tactically~*~*~ (hiding).
 19009 | D:14     | 19009 ||| Stepping ~*~*~tactically~*~*~ (hiding).
 19011 | D:14     | 19011 ||| Stepping ~*~*~tactically~*~*~ (hiding).
 19032 | D:14     | Identified the +4 whip of Suaxuqab {protect, Stlth+}
 19056 | D:14     | 19056 ||| Stepping ~*~*~tactically~*~*~ (hiding).
 19069 | D:14     | 19069 ||| Stepping ~*~*~tactically~*~*~ (hiding).
 19070 | D:14     | 19070 ||| Stepping ~*~*~tactically~*~*~ (hiding).
 19072 | D:14     | 19072 ||| Stepping ~*~*~tactically~*~*~ (hiding).
 19073 | D:14     | 19073 ||| Stepping ~*~*~tactically~*~*~ (hiding).
 19111 | D:14     | Identified the +4 morningstar "Asol" {drain, rF+}
 19333 | D:14     | 19333 ||| INVOKING Finesse.
 19334 | D:14     | 19334 ||| Stepping ~*~*~tactically~*~*~ (hiding).
 19500 | D:14     | 19500 ||| Stepping ~*~*~tactically~*~*~ (hiding).
 19628 | D:14     | 19628 ||| READING 7 scrolls of identify.
 19628 | D:14     | 19628 ||| IDENTIFYING smoky orange potion
 19671 | D:15     | Entered Level 15 of the Dungeon
 19676 | D:15     | 19676 ||| INVOKING Finesse.
 19771 | D:15     | Received a gift from Okawaru
 19826 | D:15     | Found a frozen archway.
 19910 | D:15     | 19910 ||| Stepping ~*~*~tactically~*~*~ (hiding).
 19959 | D:15     | 19959 ||| READING scroll of enchant weapon.
 19959 | D:15     | 19959 ||| ENCHANTING +5 spectral war axe.
 20136 | D:15     | Found a snail-covered altar of Cheibriados.
 20177 | D:15     | 20177 ||| Stepping ~*~*~tactically~*~*~ (hiding).
 20179 | D:15     | 20179 ||| Stepping ~*~*~tactically~*~*~ (hiding).
 20469 | D:15     | 20469 ||| INVOKING Heroism.
 20480 | D:15     | Received a gift from Okawaru
 20508 | D:15     | Received a gift from Okawaru
 20557 | D:15     | 20557 ||| Stepping ~*~*~tactically~*~*~ (hiding).
 20563 | D:15     | 20563 ||| INVOKING Heroism.
 20611 | D:15     | Found a staircase to the Depths.
 20667 | D:15     | 20667 ||| PLANNING ORC
 20799 | Orc:1    | Entered Level 1 of the Orcish Mines
 20809 | Orc:1    | Noticed Harold
 20814 | Orc:1    | Killed Harold
 20822 | Orc:1    | 20822 ||| FLEEEEING.
 20832 | Orc:1    | 20832 ||| STAIRDANCE
 20872 | Orc:1    | 20872 ||| Stepping ~*~*~tactically~*~*~ (stealth).
 20874 | Orc:1    | 20874 ||| INVOKING Heroism.
 20949 | Orc:1    | 20949 ||| Stepping ~*~*~tactically~*~*~ (stealth).
 20954 | Orc:1    | 20954 ||| Stepping ~*~*~tactically~*~*~ (hiding).
 20957 | Orc:1    | 20957 ||| Stepping ~*~*~tactically~*~*~ (hiding).
 20967 | Orc:1    | 20967 ||| Stepping ~*~*~tactically~*~*~ (stealth).
 20969 | Orc:1    | 20969 ||| Stepping ~*~*~tactically~*~*~ (stealth).
 21000 | Orc:1    | 21000 ||| INVOKING Heroism.
 21015 | Orc:1    | Reached skill level 12 in Armour
 21046 | Orc:1    | Found Ugrunoh's Magic Scroll Boutique.
 21056 | Orc:1    | 21056 ||| BUYING scroll of enchant weapon (112 gold).
 21056 | Orc:1    | Bought a scroll of enchant weapon for 112 gold pieces
 21056 | Orc:1    | 21056 ||| BUYING scroll of identify (30 gold).
 21056 | Orc:1    | Bought a scroll of identify for 30 gold pieces
 21056 | Orc:1    | 21056 ||| BUYING scroll of identify (30 gold).
 21056 | Orc:1    | Bought a scroll of identify for 30 gold pieces
 21056 | Orc:1    | 21056 ||| BUYING scroll of teleportation (45 gold).
 21056 | Orc:1    | Bought a scroll of teleportation for 45 gold pieces
 21056 | Orc:1    | 21056 ||| READING scroll of enchant weapon.
 21056 | Orc:1    | 21056 ||| ENCHANTING +6 spectral war axe.
 21069 | Orc:1    | Noticed Nergalle
 21070 | Orc:1    | 21070 ||| Stepping ~*~*~tactically~*~*~ (hiding).
 21071 | Orc:1    | 21071 ||| Stepping ~*~*~tactically~*~*~ (hiding).
 21072 | Orc:1    | 21072 ||| Stepping ~*~*~tactically~*~*~ (hiding).
 21073 | Orc:1    | 21073 ||| Stepping ~*~*~tactically~*~*~ (hiding).
 21082 | Orc:1    | Killed Nergalle
 21113 | Orc:1    | Found Meinausuti's Assorted Antiques.
 21122 | Orc:1    | 21122 ||| BUYING fizzy emerald potion (21 gold).
 21122 | Orc:1    | Bought a fizzy emerald potion for 21 gold pieces
 21122 | Orc:1    | 21122 ||| BUYING potion of haste (240 gold).
 21122 | Orc:1    | Bought a potion of haste for 240 gold pieces
 21122 | Orc:1    | 21122 ||| BUYING scroll of identify (48 gold).
 21122 | Orc:1    | Bought a scroll of identify for 48 gold pieces
 21233 | Orc:1    | Found Bialesoff's Assorted Antiques.
 21239 | Orc:1    | 21239 ||| BUYING glowing broad axe (175 gold).
 21239 | Orc:1    | Bought a glowing broad axe for 175 gold pieces
 21239 | Orc:1    | 21239 ||| DROPPING +2 broad axe of electrocution.
 21240 | Orc:1    | 21240 ||| READING 10 scrolls of identify.
 21240 | Orc:1    | 21240 ||| IDENTIFYING fizzy emerald potion
 21241 | Orc:1    | 21241 ||| BUYING scroll of identify (50 gold).
 21241 | Orc:1    | Bought a scroll of identify for 50 gold pieces
 21258 | Orc:2    | Entered Level 2 of the Orcish Mines
 21260 | Orc:2    | 21260 ||| Stepping ~*~*~tactically~*~*~ (stealth).
 21262 | Orc:2    | 21262 ||| Stepping ~*~*~tactically~*~*~ (hiding).
 21414 | Orc:2    | 21414 ||| Stepping ~*~*~tactically~*~*~ (stealth).
 21486 | Orc:2    | Found a runed translucent door.
 21492 | Orc:2    | Noticed qw's ghost (adept GrFi)
 21514 | Orc:2    | Found a staircase to the Elven Halls.
 21545 | Orc:2    | 21545 ||| INVOKING Heroism.
 21546 | Orc:2    | Noticed an orc warlord
 21547 | Orc:2    | 21547 ||| INVOKING Finesse.
 21563 | Orc:2    | Killed an orc warlord
 21564 | Orc:2    | Reached XP level 16. HP: 101/101 MP: 16/23
 21629 | Orc:2    | Noticed Saint Roka
 21630 | Orc:2    | 21630 ||| INVOKING Heroism.
 21646 | Orc:2    | HP: 20/101 [Saint Roka/+1 war axe (13)]
 21647 | Orc:2    | 21647 ||| READING 8 scrolls of teleportation.
 21648 | Orc:2    | 21648 ||| DRINKING 2 potions of heal wounds.
 21650 | Orc:2    | Killed Saint Roka
 21651 | Orc:2    | 21651 ||| FLEEEEING.
 21655 | Orc:2    | 21655 ||| Stepping ~*~*~tactically~*~*~ (hiding).
 21666 | Orc:2    | 21666 ||| Stepping ~*~*~tactically~*~*~ (stealth).
 21853 | Orc:2    | 21853 ||| DROPPING +3 morningstar.
 21854 | Orc:2    | 21854 ||| DROPPING +7 sceptre of Torment {pain, torment}.
 21855 | Orc:2    | 21855 ||| DROPPING +4 morningstar "Asol" {drain, rF+}.
 21920 | Orc:2    | 21920 ||| Stepping ~*~*~tactically~*~*~ (hiding).
 21921 | Orc:2    | 21921 ||| Stepping ~*~*~tactically~*~*~ (hiding).
 21922 | Orc:2    | 21922 ||| Stepping ~*~*~tactically~*~*~ (hiding).
 21923 | Orc:2    | 21923 ||| Stepping ~*~*~tactically~*~*~ (hiding).
 22132 | Orc:2    | 22132 ||| INVOKING Heroism.
 22150 | Orc:2    | Found Alipom's General Store.
 22151 | Orc:2    | Found Ziteshrick's Magic Scroll Shop.
 22157 | Orc:2    | 22157 ||| INVOKING Finesse.
 22179 | Orc:2    | 22179 ||| Stepping ~*~*~tactically~*~*~ (stealth).
 22183 | Orc:2    | 22183 ||| Stepping ~*~*~tactically~*~*~ (stealth).
 22270 | Orc:2    | 22270 ||| Stepping ~*~*~tactically~*~*~ (hiding).
 22271 | Orc:2    | 22271 ||| Stepping ~*~*~tactically~*~*~ (hiding).
 22417 | Orc:2    | 22417 ||| BUYING scroll of brand weapon (161 gold).
 22417 | Orc:2    | Bought a scroll of brand weapon for 161 gold pieces
 22417 | Orc:2    | 22417 ||| BUYING scroll of enchant weapon (127 gold).
 22417 | Orc:2    | Bought a scroll of enchant weapon for 127 gold pieces
 22417 | Orc:2    | 22417 ||| BUYING scroll of enchant weapon (127 gold).
 22417 | Orc:2    | Bought a scroll of enchant weapon for 127 gold pieces
 22417 | Orc:2    | 22417 ||| BUYING scroll of teleportation (51 gold).
 22417 | Orc:2    | Bought a scroll of teleportation for 51 gold pieces
 22417 | Orc:2    | 22417 ||| READING 2 scrolls of enchant weapon.
 22417 | Orc:2    | 22417 ||| ENCHANTING +7 spectral war axe.
 22418 | Orc:2    | 22418 ||| DROPPING +4 war axe of holy wrath.
 22419 | Orc:2    | 22419 ||| READING scroll of enchant weapon.
 22419 | Orc:2    | 22419 ||| ENCHANTING +8 spectral war axe.
 22422 | Orc:2    | 22422 ||| BUYING +3 chain mail of fire resistance (344
                  | gold).
 22422 | Orc:2    | Bought a +3 chain mail of fire resistance for 344 gold
                  | pieces
 22422 | Orc:2    | 22422 ||| BUYING potion of mutation (104 gold).
 22422 | Orc:2    | Bought a potion of mutation for 104 gold pieces
 22437 | Orc:2    | 22437 ||| Stepping ~*~*~tactically~*~*~ (stealth).
 22589 | Orc:2    | 22589 ||| Stepping ~*~*~tactically~*~*~ (hiding).
 22593 | Orc:2    | 22593 ||| INVOKING Heroism.
 22601 | Orc:2    | Reached skill level 13 in Fighting
 22617 | Orc:2    | 22617 ||| Stepping ~*~*~tactically~*~*~ (hiding).
 22621 | Orc:2    | 22621 ||| INVOKING Heroism.
 22691 | Orc:2    | 22691 ||| Stepping ~*~*~tactically~*~*~ (stealth).
 22693 | Orc:2    | 22693 ||| Stepping ~*~*~tactically~*~*~ (hiding).
 22806 | Orc:2    | 22806 ||| Stepping ~*~*~tactically~*~*~ (hiding).
 22808 | Orc:2    | 22808 ||| INVOKING Heroism.
 22870 | Orc:2    | 22870 ||| INVOKING Heroism.
 22893 | Orc:2    | 22893 ||| Stepping ~*~*~tactically~*~*~ (stealth).
 22895 | Orc:2    | 22895 ||| Stepping ~*~*~tactically~*~*~ (stealth).
 22915 | Orc:2    | 22915 ||| Stepping ~*~*~tactically~*~*~ (stealth).
 22924 | Orc:2    | 22924 ||| Stepping ~*~*~tactically~*~*~ (hiding).
 22929 | Orc:2    | 22929 ||| INVOKING Heroism.
 22946 | Orc:2    | 22946 ||| Stepping ~*~*~tactically~*~*~ (hiding).
 22951 | Orc:2    | Received a gift from Okawaru
 22964 | Orc:2    | Found Zaraaqao's Antique Weapon Shoppe.
 22964 | Orc:2    | Found Fyblunoe's Book Emporium.
 22965 | Orc:2    | Found a one-way gate leading to the halls of Pandemonium.
 23137 | Orc:2    | 23137 ||| DROPPING +1 chain mail of fire resistance.
 23138 | Orc:2    | 23138 ||| PLANNING SHOALS:1-3
 23138 | Orc:2    | 23138 ||| DROPPING +0 chain mail of fire resistance.
 23139 | Orc:2    | 23139 ||| UPGRADING to +1 plate armour of poison
                  | resistance.
 23149 | Orc:2    | 23149 ||| DROPPING +0 plate armour.
 23150 | Orc:2    | 23150 ||| UPGRADING to +3 chain mail of fire resistance.
 23324 | Shoals:1 | Entered Level 1 of the Shoals
 23329 | Shoals:1 | 23329 ||| INVOKING Heroism.
 23498 | Shoals:1 | 23498 ||| Stepping ~*~*~tactically~*~*~ (hiding).
 23511 | Shoals:1 | Identified Roxanne's Quarto of the Ground
 23511 | Shoals:1 | Noticed Roxanne
 23512 | Shoals:1 | 23512 ||| INVOKING Heroism.
 23522 | Shoals:1 | 23522 ||| INVOKING Finesse.
 23524 | Shoals:1 | Killed Roxanne
 23525 | Shoals:1 | Reached skill level 14 in Fighting
 23643 | Shoals:1 | 23643 ||| Stepping ~*~*~tactically~*~*~ (hiding).
 23644 | Shoals:1 | 23644 ||| Stepping ~*~*~tactically~*~*~ (hiding).
 23649 | Shoals:1 | 23649 ||| INVOKING Heroism.
 23690 | Shoals:1 | 23690 ||| INVOKING Heroism.
 23772 | Shoals:1 | 23772 ||| INVOKING Heroism.
 23826 | Shoals:1 | 23826 ||| Stepping ~*~*~tactically~*~*~ (hiding).
 23828 | Shoals:1 | 23828 ||| Stepping ~*~*~tactically~*~*~ (hiding).
 23871 | Shoals:1 | 23871 ||| Stepping ~*~*~tactically~*~*~ (stealth).
 24311 | Shoals:2 | 24311 ||| INVOKING Heroism.
 24521 | Shoals:2 | 24521 ||| INVOKING Heroism.
 24768 | Shoals:2 | 24768 ||| Stepping ~*~*~tactically~*~*~ (hiding).
 24769 | Shoals:2 | 24769 ||| Stepping ~*~*~tactically~*~*~ (hiding).
 24770 | Shoals:2 | 24770 ||| Stepping ~*~*~tactically~*~*~ (hiding).
 24771 | Shoals:2 | 24771 ||| Stepping ~*~*~tactically~*~*~ (hiding).
 24772 | Shoals:2 | 24772 ||| Stepping ~*~*~tactically~*~*~ (hiding).
 24886 | Shoals:2 | 24886 ||| INVOKING Heroism.
 24898 | Shoals:2 | Received a gift from Okawaru
 24956 | Shoals:2 | Found Tixixt's Jewellery Boutique.
 24962 | Shoals:2 | 24962 ||| INVOKING Heroism.
 24982 | Shoals:2 | 24982 ||| SHOPLISTING amulet of faith (640 gold, have 624).
 24982 | Shoals:2 | 24982 ||| BUYING ring of fire (400 gold).
 24982 | Shoals:2 | Bought a ring of fire for 400 gold pieces
 25013 | Shoals:2 | Reached skill level 6 in Dodging
 25015 | Shoals:2 | 25015 ||| Stepping ~*~*~tactically~*~*~ (stealth).
 25023 | Shoals:2 | Reached XP level 17. HP: 111/111 MP: 24/24
 25503 | Shoals:2 | 25503 ||| DROPPING +1 pair of gloves.
 25533 | Shoals:3 | 25533 ||| INVOKING Heroism.
 25543 | Shoals:3 | 25543 ||| INVOKING Finesse.
 25553 | Shoals:3 | Reached skill level 15 in Fighting
 25562 | Shoals:3 | HP: 27/113 [barbs]
 25563 | Shoals:3 | 25563 ||| READING 8 scrolls of teleportation.
 25564 | Shoals:3 | 25564 ||| DRINKING 2 potions of heal wounds.
 25864 | Shoals:3 | 25864 ||| INVOKING Heroism.
 25867 | Shoals:3 | Received a gift from Okawaru
 25979 | Shoals:3 | 25979 ||| Stepping ~*~*~tactically~*~*~ (hiding).
 26368 | Shoals:3 | 26368 ||| INVOKING Heroism.
 26529 | Shoals:3 | 26529 ||| INVOKING Heroism.
 26530 | Shoals:3 | 26530 ||| INVOKING Finesse.
 26543 | Shoals:3 | Reached skill level 9 in Throwing
 26589 | Shoals:3 | Found a runed translucent gate.
 26590 | Shoals:3 | Found a runed translucent gate.
 26591 | Shoals:3 | Found a runed translucent gate.
 26661 | Shoals:3 | Noticed Glennnyy's ghost (adept GrFi)
 26664 | Shoals:3 | 26664 ||| UPGRADING to +3 plate armour.
 26674 | Shoals:3 | 26674 ||| PLANNING SPIDER:1-3
 26674 | Shoals:3 | 26674 ||| DROPPING +1 plate armour of poison resistance.
 26774 | Spider:1 | Entered Level 1 of the Spider Nest
 26778 | Spider:1 | 26778 ||| Stepping ~*~*~tactically~*~*~ (stealth).
 26779 | Spider:1 | Noticed Rupert
 26780 | Spider:1 | 26780 ||| INVOKING Heroism.
 26790 | Spider:1 | Killed Rupert
 26861 | Spider:1 | 26861 ||| INVOKING Heroism.
 27139 | Spider:1 | 27139 ||| Stepping ~*~*~tactically~*~*~ (stealth).
 27142 | Spider:1 | 27142 ||| Stepping ~*~*~tactically~*~*~ (stealth).
 27157 | Spider:1 | 27157 ||| Stepping ~*~*~tactically~*~*~ (stealth).
 27158 | Spider:1 | 27158 ||| Stepping ~*~*~tactically~*~*~ (stealth).
 27160 | Spider:1 | 27160 ||| Stepping ~*~*~tactically~*~*~ (stealth).
 27182 | Spider:1 | 27182 ||| Stepping ~*~*~tactically~*~*~ (stealth).
 27183 | Spider:1 | 27183 ||| Stepping ~*~*~tactically~*~*~ (stealth).
 27258 | Spider:1 | 27258 ||| READING scroll of acquirement.
 27258 | Spider:1 | 27258 ||| ACQUIRING 299 gold pieces
 27258 | Spider:1 | Acquired 299 gold pieces
 27303 | Spider:1 | 27303 ||| Stepping ~*~*~tactically~*~*~ (stealth).
 27305 | Spider:1 | 27305 ||| Stepping ~*~*~tactically~*~*~ (stealth).
 27307 | Spider:1 | 27307 ||| Stepping ~*~*~tactically~*~*~ (hiding).
 27308 | Spider:1 | 27308 ||| Stepping ~*~*~tactically~*~*~ (hiding).
 27320 | Spider:1 | 27320 ||| Stepping ~*~*~tactically~*~*~ (stealth).
 27325 | Spider:1 | 27325 ||| Stepping ~*~*~tactically~*~*~ (stealth).
 27347 | Spider:1 | 27347 ||| Stepping ~*~*~tactically~*~*~ (stealth).
 27350 | Spider:1 | Found a runed translucent door.
 27352 | Spider:1 | Found a shimmering altar of Xom.
 27352 | Spider:1 | Noticed Vubreenic's ghost (adept CeHu)
 27352 | Spider:1 | Identified the +8 executioner's axe "Biod" {chaos, rElec
                  | Str+4 Int+3}
 27380 | Spider:1 | 27380 ||| Stepping ~*~*~tactically~*~*~ (stealth).
 27450 | Spider:1 | 27450 ||| Stepping ~*~*~tactically~*~*~ (hiding).
 27468 | Spider:1 | 27468 ||| Stepping ~*~*~tactically~*~*~ (stealth).
 27511 | Spider:1 | 27511 ||| INVOKING Heroism.
 27602 | Spider:1 | 27602 ||| Stepping ~*~*~tactically~*~*~ (stealth).
 27640 | Spider:1 | 27640 ||| INVOKING Heroism.
 27785 | Spider:1 | 27785 ||| Stepping ~*~*~tactically~*~*~ (stealth).
 27806 | Spider:1 | 27806 ||| Stepping ~*~*~tactically~*~*~ (hiding).
 27810 | Spider:1 | 27810 ||| INVOKING Finesse.
 27812 | Spider:1 | 27812 ||| DRINKING 8 potions of curing.
 27812 | Spider:1 | 27812 ||| (to cure confusion)
 27824 | Spider:1 | 27824 ||| INVOKING Heroism.
 27969 | Spider:1 | 27969 ||| FLEEEEING.
 27971 | Spider:1 | 27971 ||| FLEEEEING.
 27973 | Spider:1 | 27973 ||| FLEEEEING.
 28001 | Spider:1 | 28001 ||| FLEEEEING.
 28341 | Spider:1 | 28341 ||| Stepping ~*~*~tactically~*~*~ (hiding).
 28456 | Spider:1 | 28456 ||| DROPPING ring of positive energy.
 28475 | Spider:2 | Noticed Aizul
 28476 | Spider:2 | 28476 ||| INVOKING Heroism.
 28481 | Spider:2 | Noticed Agnes
 28485 | Spider:2 | Killed Aizul
 28492 | Spider:2 | Killed Agnes
 28495 | Spider:2 | Reached skill level 15 in Shields
 28496 | Spider:2 | Received a gift from Okawaru
 28565 | Spider:2 | 28565 ||| FLEEEEING.
 28566 | Spider:2 | 28566 ||| FLEEEEING.
 28567 | Spider:2 | 28567 ||| FLEEEEING.
 28568 | Spider:2 | 28568 ||| FLEEEEING.
 28569 | Spider:2 | 28569 ||| FLEEEEING.
 28570 | Spider:2 | 28570 ||| FLEEEEING.
 28571 | Spider:2 | 28571 ||| FLEEEEING.
 28572 | Spider:2 | 28572 ||| FLEEEEING.
 28573 | Spider:2 | 28573 ||| STAIRDANCE
 28667 | Spider:2 | 28667 ||| INVOKING Finesse.
 28681 | Spider:2 | 28681 ||| INVOKING Heroism.
 28686 | Spider:2 | HP: 24/113 [disintegration (32)]
 28687 | Spider:2 | 28687 ||| READING 7 scrolls of teleportation.
 28688 | Spider:2 | 28688 ||| DRINKING potion of heal wounds.
 28689 | Spider:2 | Noticed Nikola
 28696 | Spider:2 | Killed Nikola
 28775 | Spider:2 | 28775 ||| INVOKING Heroism.
 28776 | Spider:2 | 28776 ||| Stepping ~*~*~tactically~*~*~ (hiding).
 28777 | Spider:2 | 28777 ||| Stepping ~*~*~tactically~*~*~ (hiding).
 28778 | Spider:2 | 28778 ||| Stepping ~*~*~tactically~*~*~ (hiding).
 28859 | Spider:2 | 28859 ||| Stepping ~*~*~tactically~*~*~ (stealth).
 28862 | Spider:2 | 28862 ||| INVOKING Heroism.
 29050 | Spider:2 | 29050 ||| Stepping ~*~*~tactically~*~*~ (stealth).
 29102 | Spider:2 | Reached XP level 18. HP: 120/120 MP: 25/25
 29102 | Spider:2 | 29102 ||| DROPPING +2 hand axe of flaming.
 29176 | Spider:2 | Reached skill level 16 in Fighting
 29266 | Spider:3 | 29266 ||| STAIRDANCE
 29325 | Spider:3 | 29325 ||| Stepping ~*~*~tactically~*~*~ (stealth).
 29409 | Spider:3 | 29409 ||| INVOKING Heroism.
 29415 | Spider:3 | 29415 ||| Stepping ~*~*~tactically~*~*~ (stealth).
 29424 | Spider:3 | 29424 ||| INVOKING Finesse.
 29430 | Spider:3 | 29430 ||| Stepping ~*~*~tactically~*~*~ (stealth).
 29502 | Spider:3 | 29502 ||| Stepping randomly (disturbance).
 29504 | Spider:3 | 29504 ||| Stepping ~*~*~tactically~*~*~ (stealth).
 29513 | Spider:3 | 29513 ||| Stepping ~*~*~tactically~*~*~ (stealth).
 29857 | Spider:3 | 29857 ||| Stepping ~*~*~tactically~*~*~ (stealth).
 29872 | Spider:3 | 29872 ||| Stepping ~*~*~tactically~*~*~ (stealth).
 29913 | Spider:3 | Reached skill level 15 in Armour
 30025 | Spider:3 | 30025 ||| INVOKING Heroism.
 30039 | Spider:3 | 30039 ||| Stepping ~*~*~tactically~*~*~ (stealth).
 30463 | Spider:3 | 30463 ||| Stepping ~*~*~tactically~*~*~ (stealth).
 30675 | Spider:3 | Noticed Arachne
 30676 | Spider:3 | 30676 ||| INVOKING Finesse.
 30687 | Spider:3 | Killed Arachne
 30745 | Spider:3 | Received a gift from Okawaru
 31127 | Spider:3 | 31127 ||| PLANNING SHOALS:4
 31314 | Shoals:4 | Entered Level 4 of the Shoals
 31329 | Shoals:4 | Found Lilyuc's Assorted Antiques.
 31331 | Shoals:4 | 31331 ||| INVOKING Heroism.
 31332 | Shoals:4 | 31332 ||| INVOKING Finesse.
 31347 | Shoals:4 | Reached skill level 17 in Fighting
 31352 | Shoals:4 | Received a gift from Okawaru
 31398 | Shoals:4 | 31398 ||| BUYING scroll of enchant armour (262 gold).
 31398 | Shoals:4 | Bought a scroll of enchant armour for 262 gold pieces
 31398 | Shoals:4 | 31398 ||| READING scroll of enchant armour.
 31398 | Shoals:4 | 31398 ||| ENCHANTING +1 pair of gloves.
 31436 | Shoals:4 | 31436 ||| Stepping ~*~*~tactically~*~*~ (hiding).
 31594 | Shoals:4 | 31594 ||| Stepping ~*~*~tactically~*~*~ (hiding).
 31658 | Shoals:4 | 31658 ||| INVOKING Heroism.
 31659 | Shoals:4 | 31659 ||| INVOKING Finesse.
 31723 | Shoals:4 | 31723 ||| Stepping ~*~*~tactically~*~*~ (hiding).
 31730 | Shoals:4 | 31730 ||| INVOKING Heroism.
 31893 | Shoals:4 | Received a gift from Okawaru
 31897 | Shoals:4 | 31897 ||| INVOKING Heroism.
 31996 | Shoals:4 | 31996 ||| INVOKING Heroism.
 32057 | Shoals:4 | 32057 ||| INVOKING Heroism.
 32061 | Shoals:4 | 32061 ||| Stepping ~*~*~tactically~*~*~ (hiding).
 32073 | Shoals:4 | Received a gift from Okawaru
 32146 | Shoals:4 | 32146 ||| Stepping ~*~*~tactically~*~*~ (hiding).
 32147 | Shoals:4 | 32147 ||| INVOKING Heroism.
 32151 | Shoals:4 | 32151 ||| Stepping ~*~*~tactically~*~*~ (hiding).
 32154 | Shoals:4 | 32154 ||| Stepping ~*~*~tactically~*~*~ (cloud).
 32155 | Shoals:4 | 32155 ||| Stepping ~*~*~tactically~*~*~ (cloud).
 32159 | Shoals:4 | 32159 ||| Stepping ~*~*~tactically~*~*~ (cloud).
 32178 | Shoals:4 | 32178 ||| Stepping ~*~*~tactically~*~*~ (stealth).
 32179 | Shoals:4 | 32179 ||| Stepping ~*~*~tactically~*~*~ (stealth).
 32309 | Shoals:4 | Got a barnacled rune of Zot
 32443 | Shoals:4 | 32443 ||| Stepping ~*~*~tactically~*~*~ (hiding).
 32444 | Shoals:4 | 32444 ||| Stepping ~*~*~tactically~*~*~ (hiding).
 32446 | Shoals:4 | 32446 ||| Stepping ~*~*~tactically~*~*~ (hiding).
 32449 | Shoals:4 | 32449 ||| INVOKING Heroism.
 32532 | Shoals:4 | 32532 ||| Stepping ~*~*~tactically~*~*~ (hiding).
 32533 | Shoals:4 | 32533 ||| Stepping ~*~*~tactically~*~*~ (hiding).
 32604 | Shoals:4 | Identified the staff "Dikkypaa" {Drain rN+ Int+2 Hexes
                  | Earth}
 32740 | Shoals:4 | 32740 ||| PLANNING VAULTS:1-4
 32894 | Vaults:1 | Entered Level 1 of the Vaults
 32907 | Vaults:1 | 32907 ||| FLEEEEING.
 32908 | Vaults:1 | 32908 ||| FLEEEEING.
 32909 | Vaults:1 | 32909 ||| STAIRDANCE
 33027 | Vaults:1 | 33027 ||| INVOKING Heroism.
 33046 | Vaults:1 | Received a gift from Okawaru
 33047 | Vaults:1 | Reached XP level 19. HP: 111/128 MP: 26/26
 33162 | Vaults:1 | 33162 ||| Stepping ~*~*~tactically~*~*~ (stealth).
 33194 | Vaults:1 | 33194 ||| Stepping ~*~*~tactically~*~*~ (stealth).
 33297 | Vaults:1 | Received a gift from Okawaru
 33489 | Vaults:1 | 33489 ||| Stepping ~*~*~tactically~*~*~ (stealth).
 33537 | Vaults:1 | 33537 ||| DROPPING ring of magical power.
 33539 | Vaults:1 | 33539 ||| Stepping ~*~*~tactically~*~*~ (hiding).
 33604 | Vaults:1 | 33604 ||| Stepping ~*~*~tactically~*~*~ (stealth).
 33725 | Vaults:1 | 33725 ||| Stepping ~*~*~tactically~*~*~ (hiding).
 33804 | Vaults:1 | 33804 ||| READING scroll of enchant armour.
 33804 | Vaults:1 | 33804 ||| ENCHANTING +1 helmet.
 33845 | Vaults:1 | Reached skill level 18 in Fighting
 33845 | Vaults:1 | Identified the scarf of the Evening Star {shadows, Will+++
                  | Dex-2 Slay+4 SInv} (Okawaru gifted it to you on level 1 of
                  | the Vaults)
 33845 | Vaults:1 | Received a gift from Okawaru
 33877 | Vaults:1 | 33877 ||| Stepping ~*~*~tactically~*~*~ (stealth).
 34026 | Vaults:1 | 34026 ||| INVOKING Heroism.
 34027 | Vaults:1 | 34027 ||| INVOKING Finesse.
 34128 | Vaults:1 | 34128 ||| INVOKING Heroism.
 34263 | Vaults:1 | 34263 ||| Stepping ~*~*~tactically~*~*~ (stealth).
 34265 | Vaults:1 | 34265 ||| Stepping ~*~*~tactically~*~*~ (hiding).
 34507 | Vaults:1 | 34507 ||| INVOKING Heroism.
 34536 | Vaults:1 | 34536 ||| Stepping ~*~*~tactically~*~*~ (hiding).
 34540 | Vaults:1 | 34540 ||| Stepping ~*~*~tactically~*~*~ (hiding).
 34541 | Vaults:1 | 34541 ||| Stepping ~*~*~tactically~*~*~ (hiding).
 34543 | Vaults:1 | 34543 ||| Stepping ~*~*~tactically~*~*~ (hiding).
 34548 | Vaults:1 | 34548 ||| DRINKING 12 potions of curing.
 34548 | Vaults:1 | 34548 ||| (to cure confusion)
 34589 | Vaults:1 | 34589 ||| DROPPING +0 cloak.
 34590 | Vaults:1 | 34590 ||| UPGRADING to scarf of the Evening Star {shadows,
                  | Will+++ Dex-2 Slay+4 SInv}.
 34600 | Vaults:1 | 34600 ||| DROPPING scarf of repulsion.
 34601 | Vaults:1 | 34601 ||| UPGRADING to ring of protection from fire.
 34864 | Vaults:2 | 34864 ||| INVOKING Heroism.
 34912 | Vaults:2 | 34912 ||| FLEEEEING.
 34973 | Vaults:2 | 34973 ||| FLEEEEING.
 34974 | Vaults:2 | 34974 ||| Stepping ~*~*~tactically~*~*~ (stealth).
 34983 | Vaults:2 | 34983 ||| Stepping ~*~*~tactically~*~*~ (stealth).
 34985 | Vaults:2 | 34985 ||| Stepping ~*~*~tactically~*~*~ (stealth).
 34989 | Vaults:2 | 34989 ||| Stepping ~*~*~tactically~*~*~ (stealth).
 35071 | Vaults:2 | 35071 ||| INVOKING Heroism.
 35080 | Vaults:2 | Reached skill level 19 in Fighting
 35182 | Vaults:2 | Received a gift from Okawaru
 35272 | Vaults:2 | 35272 ||| INVOKING Heroism.
 35273 | Vaults:2 | 35273 ||| INVOKING Finesse.
 35462 | Vaults:2 | Reached XP level 20. HP: 139/139 MP: 27/27
 35473 | Vaults:2 | 35473 ||| Stepping ~*~*~tactically~*~*~ (stealth).
 35576 | Vaults:2 | 35576 ||| Stepping ~*~*~tactically~*~*~ (hiding).
 35655 | Vaults:2 | Received a gift from Okawaru
 35676 | Vaults:2 | 35676 ||| Stepping ~*~*~tactically~*~*~ (stealth).
 35677 | Vaults:2 | 35677 ||| Stepping ~*~*~tactically~*~*~ (stealth).
 35689 | Vaults:2 | 35689 ||| INVOKING Finesse.
 36140 | Vaults:2 | 36140 ||| Stepping ~*~*~tactically~*~*~ (hiding).
 36164 | Vaults:2 | 36164 ||| Stepping ~*~*~tactically~*~*~ (hiding).
 36167 | Vaults:2 | Received a gift from Okawaru
 36208 | Vaults:2 | 36208 ||| Stepping ~*~*~tactically~*~*~ (stealth).
 36209 | Vaults:2 | 36209 ||| Stepping ~*~*~tactically~*~*~ (stealth).
 36290 | Vaults:2 | Reached skill level 18 in Armour
 36425 | Vaults:3 | 36425 ||| Stepping ~*~*~tactically~*~*~ (hiding).
 36427 | Vaults:3 | 36427 ||| Stepping ~*~*~tactically~*~*~ (hiding).
 36440 | Vaults:3 | Received a gift from Okawaru
 36565 | Vaults:3 | 36565 ||| Stepping ~*~*~tactically~*~*~ (stealth).
 36743 | Vaults:3 | Found Meluv's Distillery.
 36752 | Vaults:3 | 36752 ||| BUYING potion of curing (51 gold).
 36752 | Vaults:3 | Bought a potion of curing for 51 gold pieces
 36752 | Vaults:3 | 36752 ||| BUYING potion of curing (51 gold).
 36752 | Vaults:3 | Bought a potion of curing for 51 gold pieces
 36752 | Vaults:3 | 36752 ||| BUYING potion of curing (51 gold).
 36752 | Vaults:3 | Bought a potion of curing for 51 gold pieces
 36752 | Vaults:3 | 36752 ||| BUYING potion of enlightenment (85 gold).
 36752 | Vaults:3 | Bought a potion of enlightenment for 85 gold pieces
 36752 | Vaults:3 | 36752 ||| BUYING potion of heal wounds (85 gold).
 36752 | Vaults:3 | Bought a potion of heal wounds for 85 gold pieces
 36903 | Vaults:3 | Received a gift from Okawaru
 36912 | Vaults:3 | 36912 ||| FLEEEEING.
 36913 | Vaults:3 | 36913 ||| FLEEEEING.
 37111 | Vaults:3 | 37111 ||| Stepping ~*~*~tactically~*~*~ (hiding).
 37113 | Vaults:3 | 37113 ||| Stepping ~*~*~tactically~*~*~ (hiding).
 37122 | Vaults:3 | 37122 ||| Stepping ~*~*~tactically~*~*~ (hiding).
 37124 | Vaults:3 | Noticed Sojobo
 37125 | Vaults:3 | 37125 ||| INVOKING Heroism.
 37126 | Vaults:3 | 37126 ||| INVOKING Finesse.
 37139 | Vaults:3 | 37139 ||| Stepping ~*~*~tactically~*~*~ (hiding).
 37142 | Vaults:3 | Killed Sojobo
 37185 | Vaults:3 | Found a staircase to the Crypt.
 37210 | Vaults:3 | 37210 ||| Stepping ~*~*~tactically~*~*~ (stealth).
 37218 | Vaults:3 | 37218 ||| Stepping ~*~*~tactically~*~*~ (stealth).
 37220 | Vaults:3 | 37220 ||| INVOKING Heroism.
 37254 | Vaults:3 | Reached skill level 20 in Fighting
 37296 | Vaults:3 | Identified the +1 robe of the Great Game {Dex+4}
 37376 | Vaults:3 | Received a gift from Okawaru
 37396 | Vaults:3 | 37396 ||| INVOKING Heroism.
 37716 | Vaults:3 | Received a gift from Okawaru
 37720 | Vaults:3 | 37720 ||| INVOKING Heroism.
 38005 | Vaults:3 | 38005 ||| Stepping ~*~*~tactically~*~*~ (stealth).
 38124 | Vaults:3 | 38124 ||| Stepping ~*~*~tactically~*~*~ (hiding).
 38229 | Vaults:3 | Noticed Boris
 38230 | Vaults:3 | 38230 ||| INVOKING Heroism.
 38231 | Vaults:3 | 38231 ||| INVOKING Finesse.
 38243 | Vaults:3 | Killed Boris
 38280 | Vaults:3 | 38280 ||| Stepping ~*~*~tactically~*~*~ (stealth).
 38321 | Vaults:3 | 38321 ||| Stepping ~*~*~tactically~*~*~ (stealth).
 38322 | Vaults:3 | 38322 ||| Stepping ~*~*~tactically~*~*~ (stealth).
 38328 | Vaults:3 | 38328 ||| Stepping ~*~*~tactically~*~*~ (hiding).
 38338 | Vaults:3 | Reached XP level 21. HP: 123/146 MP: 28/28
 38519 | Vaults:3 | 38519 ||| Stepping ~*~*~tactically~*~*~ (hiding).
 38595 | Vaults:3 | 38595 ||| Stepping ~*~*~tactically~*~*~ (stealth).
 38610 | Vaults:3 | Identified the -1 pair of gloves of Hedging {rF+ Str+4}
 38622 | Vaults:3 | 38622 ||| Stepping ~*~*~tactically~*~*~ (hiding).
 38627 | Vaults:3 | Identified the +0 hat "Tappuf" {rN++ Int+2} (Okawaru gifted
                  | it to you on level 3 of the Vaults)
 38627 | Vaults:3 | Received a gift from Okawaru
 38759 | Vaults:3 | 38759 ||| UPGRADING to -1 pair of gloves of Hedging {rF+
                  | Str+4}.
 38769 | Vaults:3 | 38769 ||| DROPPING +0 hat "Tappuf" {rN++ Int+2}.
 38770 | Vaults:3 | 38770 ||| UPGRADING to +6 ring of dexterity.
 38824 | Vaults:4 | 38824 ||| Stepping ~*~*~tactically~*~*~ (stealth).
 38872 | Vaults:4 | 38872 ||| INVOKING Heroism.
 39048 | Vaults:4 | 39048 ||| FLEEEEING.
 39049 | Vaults:4 | 39049 ||| FLEEEEING.
 39050 | Vaults:4 | 39050 ||| FLEEEEING.
 39052 | Vaults:4 | 39052 ||| FLEEEEING.
 39053 | Vaults:4 | 39053 ||| FLEEEEING.
 39054 | Vaults:4 | 39054 ||| FLEEEEING.
 39055 | Vaults:4 | 39055 ||| FLEEEEING.
 39056 | Vaults:4 | 39056 ||| FLEEEEING.
 39057 | Vaults:4 | 39057 ||| FLEEEEING.
 39058 | Vaults:4 | 39058 ||| FLEEEEING.
 39059 | Vaults:4 | 39059 ||| FLEEEEING.
 39060 | Vaults:4 | 39060 ||| FLEEEEING.
 39061 | Vaults:4 | 39061 ||| FLEEEEING.
 39062 | Vaults:4 | 39062 ||| FLEEEEING.
 39066 | Vaults:4 | 39066 ||| FLEEEEING.
 39067 | Vaults:4 | 39067 ||| FLEEEEING.
 39068 | Vaults:4 | 39068 ||| FLEEEEING.
 39073 | Vaults:4 | 39073 ||| FLEEEEING.
 39074 | Vaults:4 | 39074 ||| FLEEEEING.
 39075 | Vaults:4 | 39075 ||| FLEEEEING.
 39076 | Vaults:4 | 39076 ||| FLEEEEING.
 39077 | Vaults:4 | 39077 ||| FLEEEEING.
 39078 | Vaults:4 | 39078 ||| STAIRDANCE
 39126 | Vaults:4 | 39126 ||| Stepping ~*~*~tactically~*~*~ (hiding).
 39299 | Vaults:4 | 39299 ||| Stepping ~*~*~tactically~*~*~ (stealth).
 39319 | Vaults:4 | 39319 ||| Stepping ~*~*~tactically~*~*~ (hiding).
 39461 | Vaults:4 | 39461 ||| Stepping ~*~*~tactically~*~*~ (hiding).
 39462 | Vaults:4 | 39462 ||| Stepping ~*~*~tactically~*~*~ (hiding).
 39466 | Vaults:4 | Noticed Margery
 39467 | Vaults:4 | 39467 ||| INVOKING Heroism.
 39468 | Vaults:4 | 39468 ||| INVOKING Finesse.
 39487 | Vaults:4 | Killed Margery
 39688 | Vaults:4 | 39688 ||| Stepping ~*~*~tactically~*~*~ (hiding).
 39689 | Vaults:4 | 39689 ||| Stepping ~*~*~tactically~*~*~ (hiding).
 39858 | Vaults:4 | 39858 ||| Stepping ~*~*~tactically~*~*~ (stealth).
 39860 | Vaults:4 | 39860 ||| Stepping ~*~*~tactically~*~*~ (hiding).
 39862 | Vaults:4 | 39862 ||| Stepping ~*~*~tactically~*~*~ (hiding).
 39899 | Vaults:4 | 39899 ||| Stepping ~*~*~tactically~*~*~ (hiding).
 39958 | Vaults:4 | Noticed Boris
 39959 | Vaults:4 | 39959 ||| Stepping ~*~*~tactically~*~*~ (stealth).
 39960 | Vaults:4 | 39960 ||| Stepping ~*~*~tactically~*~*~ (stealth).
 39964 | Vaults:4 | 39964 ||| Stepping ~*~*~tactically~*~*~ (hiding).
 39965 | Vaults:4 | 39965 ||| Stepping ~*~*~tactically~*~*~ (hiding).
 39966 | Vaults:4 | 39966 ||| INVOKING Heroism.
 39967 | Vaults:4 | 39967 ||| INVOKING Finesse.
 39970 | Vaults:4 | Killed Boris
 40112 | Vaults:4 | 40112 ||| Stepping ~*~*~tactically~*~*~ (stealth).
 40115 | Vaults:4 | Reached skill level 21 in Fighting
 40179 | Vaults:4 | 40179 ||| Stepping ~*~*~tactically~*~*~ (hiding).
 40187 | Vaults:4 | Reached skill level 18 in Shields
 40328 | Vaults:4 | Received a gift from Okawaru
 40455 | Vaults:4 | 40455 ||| PLANNING SPIDER:4
 40455 | Vaults:4 | 40455 ||| UPGRADING to amulet of faith.
 40739 | Lair:2   | 40739 ||| Stepping ~*~*~tactically~*~*~ (stealth).
 40846 | Spider:4 | Entered Level 4 of the Spider Nest
 40907 | Spider:4 | 40907 ||| Stepping ~*~*~tactically~*~*~ (hiding).
 40915 | Spider:4 | 40915 ||| INVOKING Finesse.
 40961 | Spider:4 | Noticed Louise
 40962 | Spider:4 | 40962 ||| Stepping ~*~*~tactically~*~*~ (hiding).
 40965 | Spider:4 | 40965 ||| Stepping ~*~*~tactically~*~*~ (hiding).
 40966 | Spider:4 | 40966 ||| Stepping ~*~*~tactically~*~*~ (hiding).
 40970 | Spider:4 | 40970 ||| Stepping ~*~*~tactically~*~*~ (hiding).
 40971 | Spider:4 | 40971 ||| Stepping ~*~*~tactically~*~*~ (hiding).
 40986 | Spider:4 | Killed Louise
 41037 | Spider:4 | Received a gift from Okawaru
 41040 | Spider:4 | 41040 ||| Stepping ~*~*~tactically~*~*~ (hiding).
 41106 | Spider:4 | 41106 ||| Stepping ~*~*~tactically~*~*~ (stealth).
 41107 | Spider:4 | 41107 ||| Stepping ~*~*~tactically~*~*~ (stealth).
 41151 | Spider:4 | 41151 ||| Stepping ~*~*~tactically~*~*~ (hiding).
 41152 | Spider:4 | 41152 ||| Stepping ~*~*~tactically~*~*~ (hiding).
 41154 | Spider:4 | 41154 ||| Stepping ~*~*~tactically~*~*~ (hiding).
 41155 | Spider:4 | 41155 ||| Stepping ~*~*~tactically~*~*~ (hiding).
 41289 | Spider:4 | 41289 ||| Stepping ~*~*~tactically~*~*~ (hiding).
 41431 | Spider:4 | 41431 ||| Stepping ~*~*~tactically~*~*~ (stealth).
 41439 | Spider:4 | Reached skill level 12 in Throwing
 41476 | Spider:4 | Found the +0 pair of fencer's gloves {Riposte Dex+3}
 41482 | Spider:4 | Received a gift from Okawaru
 41648 | Spider:4 | Got a gossamer rune of Zot
 41664 | Spider:4 | 41664 ||| Stepping ~*~*~tactically~*~*~ (stealth).
 41671 | Spider:4 | Received a gift from Okawaru
 41735 | Spider:4 | 41735 ||| Stepping ~*~*~tactically~*~*~ (stealth).
 41736 | Spider:4 | 41736 ||| Stepping ~*~*~tactically~*~*~ (stealth).
 41738 | Spider:4 | 41738 ||| Stepping ~*~*~tactically~*~*~ (stealth).
 41861 | Spider:4 | 41861 ||| Stepping ~*~*~tactically~*~*~ (stealth).
 42048 | Spider:4 | 42048 ||| FLEEEEING.
 42049 | Spider:4 | 42049 ||| FLEEEEING.
 42050 | Spider:4 | 42050 ||| FLEEEEING.
 42051 | Spider:4 | 42051 ||| FLEEEEING.
 42052 | Spider:4 | 42052 ||| FLEEEEING.
 42061 | Spider:4 | Received a gift from Okawaru
 42063 | Spider:4 | 42063 ||| Stepping ~*~*~tactically~*~*~ (stealth).
 42064 | Spider:4 | 42064 ||| Stepping ~*~*~tactically~*~*~ (stealth).
 42066 | Spider:4 | 42066 ||| Stepping ~*~*~tactically~*~*~ (stealth).
 42092 | Spider:4 | 42092 ||| Stepping ~*~*~tactically~*~*~ (stealth).
 42096 | Spider:4 | Reached skill level 9 in Dodging
 42233 | Spider:4 | 42233 ||| INVOKING Finesse.
 42319 | Spider:4 | 42319 ||| PLANNING DEPTHS
 42319 | Spider:4 | 42319 ||| DROPPING +2 pair of gloves.
 42320 | Spider:4 | 42320 ||| UPGRADING to +0 tower shield.
 42330 | Spider:4 | 42330 ||| DROPPING +0 kite shield.
 42662 | Depths:1 | Entered Level 1 of the Depths
 42663 | Depths:1 | 42663 ||| PLANNING BAZAAR
 42685 | Depths:1 | 42685 ||| Stepping ~*~*~tactically~*~*~ (stealth).
 42690 | Depths:1 | 42690 ||| Stepping ~*~*~tactically~*~*~ (hiding).
 42693 | Depths:1 | 42693 ||| INVOKING Heroism.
 42694 | Depths:1 | 42694 ||| INVOKING Finesse.
 42731 | Depths:1 | Found an iron altar of Okawaru.
 42733 | Depths:1 | 42733 ||| Stepping ~*~*~tactically~*~*~ (hiding).
 42735 | Depths:1 | 42735 ||| Stepping ~*~*~tactically~*~*~ (hiding).
 42750 | Depths:1 | 42750 ||| Stepping ~*~*~tactically~*~*~ (hiding).
 42791 | Depths:1 | Noticed Boris
 42792 | Depths:1 | 42792 ||| Stepping ~*~*~tactically~*~*~ (stealth).
 42793 | Depths:1 | 42793 ||| Stepping ~*~*~tactically~*~*~ (stealth).
 42803 | Depths:1 | 42803 ||| Stepping ~*~*~tactically~*~*~ (hiding).
 42804 | Depths:1 | 42804 ||| INVOKING Heroism.
 42805 | Depths:1 | 42805 ||| INVOKING Finesse.
 42813 | Depths:1 | Killed Boris
 42896 | Depths:1 | 42896 ||| FLEEEEING.
 42897 | Depths:1 | 42897 ||| FLEEEEING.
 42898 | Depths:1 | 42898 ||| FLEEEEING.
 42899 | Depths:1 | 42899 ||| FLEEEEING.
 42912 | Depths:1 | Reached XP level 22. HP: 155/155 MP: 29/29
 42918 | Depths:1 | 42918 ||| Stepping ~*~*~tactically~*~*~ (hiding).
 42920 | Depths:1 | 42920 ||| Stepping ~*~*~tactically~*~*~ (hiding).
 42931 | Depths:1 | 42931 ||| Stepping ~*~*~tactically~*~*~ (stealth).
 42938 | Depths:1 | Received a gift from Okawaru
 43016 | Depths:1 | 43016 ||| INVOKING Heroism.
 43040 | Depths:1 | Found a white marble altar of Elyvilon.
 43048 | Depths:1 | 43048 ||| Stepping ~*~*~tactically~*~*~ (stealth).
 43050 | Depths:1 | 43050 ||| Stepping ~*~*~tactically~*~*~ (stealth).
 43164 | Depths:1 | 43164 ||| INVOKING Heroism.
 43199 | Depths:1 | 43199 ||| Stepping ~*~*~tactically~*~*~ (hiding).
 43200 | Depths:1 | 43200 ||| Stepping ~*~*~tactically~*~*~ (hiding).
 43205 | Depths:1 | 43205 ||| Stepping ~*~*~tactically~*~*~ (hiding).
 43237 | Depths:1 | 43237 ||| Stepping ~*~*~tactically~*~*~ (stealth).
 43242 | Depths:1 | 43242 ||| Stepping ~*~*~tactically~*~*~ (stealth).
 43243 | Depths:1 | 43243 ||| Stepping ~*~*~tactically~*~*~ (stealth).
 43245 | Depths:1 | 43245 ||| Stepping ~*~*~tactically~*~*~ (hiding).
 43353 | Depths:1 | Found a gateway to Hell.
 43628 | Depths:1 | 43628 ||| RIP BAZAAR
 43628 | Depths:1 | 43628 ||| PLANNING DEPTHS
 43736 | Depths:2 | 43736 ||| INVOKING Heroism.
 43781 | Depths:2 | 43781 ||| Stepping ~*~*~tactically~*~*~ (stealth).
 43782 | Depths:2 | 43782 ||| INVOKING Heroism.
 43798 | Depths:2 | 43798 ||| Stepping ~*~*~tactically~*~*~ (stealth).
 43849 | Depths:2 | 43849 ||| Stepping ~*~*~tactically~*~*~ (stealth).
 43852 | Depths:2 | Received a gift from Okawaru
 43855 | Depths:2 | 43855 ||| Stepping ~*~*~tactically~*~*~ (hiding).
 43857 | Depths:2 | 43857 ||| Stepping ~*~*~tactically~*~*~ (hiding).
 43972 | Depths:2 | Found a one-way gateway to a ziggurat.
 43973 | Depths:2 | 43973 ||| READING 18 scrolls of identify.
 43973 | Depths:2 | 43973 ||| IDENTIFYING inky potion
 43974 | Depths:2 | 43974 ||| DROPPING potion of berserk rage.
 43977 | Depths:2 | Paralysed by a floating eye for 4 turns
 44111 | Depths:2 | Identified the ring "Biffaint" {Ice Str+3}
 44111 | Depths:2 | Noticed Josephina
 44112 | Depths:2 | 44112 ||| INVOKING Heroism.
 44113 | Depths:2 | 44113 ||| INVOKING Finesse.
 44120 | Depths:2 | Killed Josephina
 44230 | Depths:2 | Noticed Mara
 44231 | Depths:2 | 44231 ||| INVOKING Heroism.
 44232 | Depths:2 | 44232 ||| INVOKING Finesse.
 44239 | Depths:2 | Noticed qw's illusion
 44250 | Depths:2 | Killed Mara
 44368 | Depths:2 | 44368 ||| INVOKING Heroism.
 44489 | Depths:2 | Found Bepu's Antique Armour Shop.
 44495 | Depths:2 | 44495 ||| BUYING pair of runed boots (285 gold).
 44495 | Depths:2 | Bought a pair of runed boots for 285 gold pieces
 44495 | Depths:2 | 44495 ||| BUYING shiny helmet (285 gold).
 44495 | Depths:2 | Bought a shiny helmet for 285 gold pieces
 44495 | Depths:2 | 44495 ||| BUYING transparent helmet (361 gold).
 44495 | Depths:2 | Bought a transparent helmet for 361 gold pieces
 44495 | Depths:2 | Identified the +0 helmet of Hopscotch {Int-3 Dex+4} (You
                  | bought it in a shop on level 2 of the Depths)
 44563 | Depths:2 | 44563 ||| Stepping ~*~*~tactically~*~*~ (stealth).
 44564 | Depths:2 | 44564 ||| Stepping ~*~*~tactically~*~*~ (stealth).
 44567 | Depths:2 | 44567 ||| Stepping ~*~*~tactically~*~*~ (stealth).
 44568 | Depths:2 | 44568 ||| Stepping ~*~*~tactically~*~*~ (stealth).
 44819 | Depths:2 | Identified the +1 robe of the Arena {rCorr}
 44913 | Depths:2 | 44913 ||| UPGRADING to +2 pair of boots of rampaging.
 44923 | Depths:2 | 44923 ||| DROPPING +0 pair of boots.
 44924 | Depths:2 | 44924 ||| DROPPING +1 helmet.
 44925 | Depths:2 | 44925 ||| DROPPING +0 helmet of Hopscotch {Int-3 Dex+4}.
 44926 | Depths:2 | 44926 ||| DROPPING ring of ice.
 44927 | Depths:2 | 44927 ||| UPGRADING to ring "Biffaint" {Ice Str+3}.
 44929 | Depths:2 | 44929 ||| DRINKING 2 sapphire potions.
 44964 | Depths:3 | 44964 ||| INVOKING Heroism.
 44965 | Depths:3 | 44965 ||| INVOKING Finesse.
 45000 | Depths:3 | Received a gift from Okawaru
 45077 | Depths:3 | 45077 ||| INVOKING Heroism.
 45078 | Depths:3 | 45078 ||| INVOKING Finesse.
 45252 | Depths:3 | You are sucked into a shaft and drop 1 floor!
 45252 | Depths:4 | Entered Level 4 of the Depths
 45257 | Depths:4 | 45257 ||| Stepping ~*~*~tactically~*~*~ (stealth).
 45260 | Depths:4 | Reached skill level 21 in Shields
 45267 | Depths:4 | Received a gift from Okawaru
 45354 | Depths:4 | Received a gift from Okawaru
 45371 | Depths:3 | 45371 ||| INVOKING Heroism.
 45381 | Depths:3 | Received a gift from Okawaru
 45418 | Depths:3 | 45418 ||| INVOKING Finesse.
 45806 | Depths:3 | 45806 ||| INVOKING Heroism.
 45973 | Depths:3 | Found a blossoming altar of Fedhas.
 46233 | Depths:3 | Identified the ring of Barud {Ice Str+4 Int+5}
 46244 | Depths:3 | Received a gift from Okawaru
 46407 | Depths:3 | 46407 ||| FLEEEEING.
 46411 | Depths:3 | 46411 ||| FLEEEEING.
 46421 | Depths:3 | 46421 ||| FLEEEEING.
 46422 | Depths:3 | 46422 ||| FLEEEEING.
 46423 | Depths:3 | 46423 ||| FLEEEEING.
 46429 | Depths:3 | 46429 ||| FLEEEEING.
 46430 | Depths:3 | 46430 ||| FLEEEEING.
 46436 | Depths:3 | 46436 ||| FLEEEEING.
 46437 | Depths:3 | 46437 ||| FLEEEEING.
 46438 | Depths:3 | 46438 ||| FLEEEEING.
 46439 | Depths:3 | 46439 ||| FLEEEEING.
 46440 | Depths:3 | 46440 ||| FLEEEEING.
 46441 | Depths:3 | 46441 ||| FLEEEEING.
 46442 | Depths:3 | 46442 ||| FLEEEEING.
 46443 | Depths:3 | 46443 ||| FLEEEEING.
 46444 | Depths:3 | 46444 ||| FLEEEEING.
 46445 | Depths:3 | 46445 ||| FLEEEEING.
 46455 | Depths:3 | 46455 ||| FLEEEEING.
 46456 | Depths:3 | 46456 ||| FLEEEEING.
 46457 | Depths:3 | 46457 ||| Stepping ~*~*~tactically~*~*~ (hiding).
 46458 | Depths:3 | 46458 ||| Stepping ~*~*~tactically~*~*~ (hiding).
 46726 | Depths:3 | 46726 ||| DROPPING amulet of regeneration.
 46727 | Depths:3 | 46727 ||| UPGRADING to ring of Barud {Ice Str+4 Int+5}.
 46729 | Depths:3 | 46729 ||| DROPPING ring of ice.
 46749 | Depths:4 | 46749 ||| INVOKING Heroism.
 46759 | Depths:4 | Reached XP level 23. HP: 76/160 MP: 28/30
 46765 | Depths:4 | HP: 39/160 [spriggan rider/+0 spear (4)]
 46766 | Depths:4 | 46766 ||| READING 14 scrolls of teleportation.
 46767 | Depths:4 | 46767 ||| DRINKING 2 potions of heal wounds.
 46777 | Depths:4 | HP: 36/161 [white draconian/blast of cold (5)]
 46778 | Depths:4 | 46778 ||| READING 13 scrolls of teleportation.
 46779 | Depths:4 | 46779 ||| DRINKING potion of heal wounds.
 46780 | Depths:4 | Received a gift from Okawaru
 46782 | Depths:4 | Reached skill level 22 in Fighting
 46782 | Depths:4 | HP: 35/162 [spriggan defender/+1 rapier of speed (5)]
 46784 | Depths:4 | 46784 ||| READING 12 scrolls of teleportation.
 46785 | Depths:4 | Noticed Boris
 46800 | Depths:4 | 46800 ||| READING 11 scrolls of teleportation.
 46801 | Depths:4 | Received a gift from Okawaru
 46806 | Depths:4 | 46806 ||| READING 10 scrolls of teleportation.
 46808 | Depths:4 | HP: 32/162 [red draconian scorcher/+1 short sword of speed
                  | (7)]
 46825 | Depths:4 | 46825 ||| INVOKING Finesse.
 46833 | Depths:4 | 46833 ||| INVOKING Heroism.
 46836 | Depths:4 | HP: 30/162 [frost giant/+0 battleaxe of freezing (12)]
 46837 | Depths:4 | 46837 ||| READING 9 scrolls of teleportation.
 47122 | Depths:4 | Found an opulent altar of Gozag.
 47154 | Depths:4 | 47154 ||| Stepping ~*~*~tactically~*~*~ (hiding).
 47155 | Depths:4 | 47155 ||| Stepping ~*~*~tactically~*~*~ (hiding).
 47156 | Depths:4 | 47156 ||| Stepping ~*~*~tactically~*~*~ (hiding).
 47157 | Depths:4 | 47157 ||| Stepping ~*~*~tactically~*~*~ (hiding).
 47158 | Depths:4 | 47158 ||| INVOKING Heroism.
 47159 | Depths:4 | 47159 ||| INVOKING Finesse.
 47165 | Depths:4 | Killed Boris
 47221 | Depths:4 | Received a gift from Okawaru
 47419 | Depths:4 | 47419 ||| Stepping ~*~*~tactically~*~*~ (hiding).
 47420 | Depths:4 | 47420 ||| Stepping ~*~*~tactically~*~*~ (hiding).
 47421 | Depths:4 | 47421 ||| Stepping ~*~*~tactically~*~*~ (hiding).
 47443 | Depths:4 | Found a gate to the Realm of Zot.
 47743 | Depths:4 | 47743 ||| PLANNING VAULTS:5
 47800 | Depths:1 | 47800 ||| RIP BAZAAR
 48022 | Vaults:5 | Entered Level 5 of the Vaults
 48022 | Vaults:5 | Noticed a dread lich
 48023 | Vaults:5 | 48023 ||| INVOKING Heroism.
 48028 | Vaults:5 | 48028 ||| INVOKING Finesse.
 48032 | Vaults:5 | Noticed Xtahua
 48033 | Vaults:5 | 48033 ||| DRINKING potion of resistance.
 48038 | Vaults:5 | Killed a dread lich
 48038 | Vaults:5 | Identified the -1 kite shield "Kuucsen" {rF++ Int+3}
                  | (Okawaru gifted it to you on level 5 of the Vaults)
 48038 | Vaults:5 | Received a gift from Okawaru
 48044 | Vaults:5 | HP: 31/163 [Xtahua/searing blast (26)]
 48045 | Vaults:5 | 48045 ||| READING 9 scrolls of teleportation.
 48045 | Vaults:5 | Killed from afar by a titan

Levels and vault maps discovered:
D:1:      minmay_arrival_hallway, layout_rooms, serial_glass, glass_columns_b,
          glass_columns_c, glass_columns_a, glass_columns_a, glass_columns_a,
          glass_columns_b, glass_columns_a, glass_columns_b, glass_columns_b,
          glass_columns_a, glass_columns_a, glass_columns_a, glass_columns_c,
          glass_columns_a
D:2:      layout_basic, basic_ecumenical_altar
D:3:      layout_loops_ring, lemuel_round_altar,
          nicolae_qazlal_beasts_of_the_sky,
          nicolae_concentric_dashed_squares_mild, st_stairs_1,
          minmay_three_crescents, uniq_ijyb, uniq_robin
D:4:      layout_basic, nicolae_overflow_crystal_walls, uniq_duvessa,
          uniq_natasha
D:5:      layout_loops_corners, nemelex_diamond_rough_becter,
          mainiacjoe_overflow_tiny_flanked, minmay_temple_entry_nine_rooms,
          serial_glass, glass_columns_a, glass_columns_c, uniq_pikel,
          uniq_menkaure
D:6:      hellmonk_crumbling_castle, layout_gridville,
          chequers_temple_overflow_statue_of_worship, tso_oasis_becter,
          uniq_blork_the_orc
D:7:      layout_loops_ring, led_xom_imps, minmay_misc_feat_doors,
          serial_bayou_pond_b
D:8:      layout_rooms
D:9:      layout_loops_ring
D:10:     layout_basic, orc_0_dummy
D:11:     layout_irregular_city, erik_lair_island,
          gammafunk_ghost_berserking_beasts, demons_altar
D:12:     layout_basic
D:13:     layout_loops_ring, david_vaults_3, uniq_erolcha, uniq_nessos,
          uniq_jorgrun
D:14:     layout_cave_pools, kennysheep_small_spiral, kennysheep_two_boxes
D:15:     gammafunk_enter_depths_forms, layout_basic, glass_columns_c,
          portal_ice_cave_entry_pillars_four, cheibriados_altar_2
Temple:   minmay_freezing_vapour_temple
Lair:1:   gammafunk_cloud_chamber, layout_gridlike, infiniplex_staircase_pool
Lair:2:   regret_index_wax_grids, layout_regular_city,
          minmay_shoals_entry_beasts
Lair:3:   layout_cave_pods, nicolae_spider_entry_lesser_pyramids,
          ebering_ghost_reflecting_pool, chequers_serial_rivers_large_b
Lair:4:   layout_small_grid, minmay_slime_entry_pillars, beast_lair_carwin_8,
          lemuel_fruit_fields, uniq_kirke
Lair:5:   hellmonk_lair_end_abyssal_woods, layout_misc_corridors,
          lemuel_fruit_tree, grunt_megastairs_3
Shoals:1: layout_shoals, nicolae_shoals_dead_sea_scrolls, uniq_roxanne
Shoals:2: argonaut_golden_fleece, layout_shoals, serial_shops,
          nicolae_shop_gibbet_a_chance
Shoals:3: layout_shoals, gammafunk_ghost_necromancy, nicolae_shoals_gull_way
Shoals:4: shoals_end_grunt_ice, layout_shoals, serial_shops, shop,
          nicolae_shoals_wave_tunnel
Spider:1: nicolae_spider_hilbert_zone_2 [nicolae_spider_hilbert_4_sides_1_open,
          nicolae_spider_hilbert_4_sides_1_open,
          nicolae_spider_hilbert_4_sides_1_open,
          nicolae_spider_hilbert_4_sides_1_open,
          nicolae_spider_hilbert_6_sides_1_open,
          nicolae_spider_hilbert_6_sides_1_open,
          nicolae_spider_hilbert_3_sides_1_open,
          nicolae_spider_hilbert_3_sides_1_open,
          nicolae_spider_hilbert_3_sides_1_open,
          nicolae_spider_hilbert_3_sides_1_open,
          nicolae_spider_hilbert_6_sides_1_open,
          nicolae_spider_hilbert_6_sides_1_open,
          nicolae_spider_hilbert_6_sides_1_open,
          nicolae_spider_hilbert_6_sides_1_open], ebering_ghost_xom, uniq_rupert
Spider:2: layout_spider_delve, nicolae_orb_stairs, uniq_nikola, uniq_aizul,
          uniq_agnes
Spider:3: layout_chambers, uniq_arachne
Spider:4: spider_rune_water, nicolae_spider_webs_and_nodes, uniq_louise
Orc:1:    layout_caves, serial_shops, shop, shop_statue,
          nicolae_shop_pleasant_corner_grove, uniq_harold, uniq_nergalle
Orc:2:    pf_orc_diabolical, layout_diamond_mine, ebering_ghost_reflecting_pool,
          uniq_saint_roka
Vaults:1: ontoclasm_vaults_hangar, v_rooms_5, ontoclasm_vaults_ligature,
          nicolae_vaults_weapon_check, v_pattern_2,
          nicolae_vaults_storage_room_statues, v_misc_2, v_misc_1,
          layout_vaults_omnigrid
Vaults:2: v_misc_32, ontoclasm_vaults_shout, ontoclasm_vaults_misaligned,
          nicolae_vaults_trapezoid_layered, nicolae_vaults_closet_pinwheel_4,
          nicolae_vaults_tangram_2, nicolae_vaults_mini_display_case,
          vaults_room_ringed_pool, v_alt_pattern_5, layout_vaults_omnicross
Vaults:3: grunt_vaults_swirl, nicolae_vaults_big_ls,
          minmay_crypt_entry_simple_sparse, vaults_mumra_lcd,
          nicolae_vaults_surprise_closet, hangedman_vaults_slither,
          nicolae_vaults_circle_grid_b, hangedman_vaults_trim,
          nicolae_vaults_crenellated_ambush, nicolae_vaults_more_shelving_1,
          layout_vaults_chaotic_city, serial_shops,
          nicolae_shop_pleasant_corner_grove, uniq_boris, uniq_sojobo
Vaults:4: hangedman_vaults_impose, hangedman_vaults_cutoff,
          ontoclasm_vaults_spin, hangedman_vaults_cutoff,
          nicolae_vaults_border_crossing, nicolae_vaults_network_star,
          v_misc_11, nicolae_vaults_offset_grid_hallway_2,
          vaults_room_stairs_pillars, vaults_mumra_chevron,
          nicolae_vaults_hallways_thing, vaults_room_glass_cross,
          ontoclasm_vaults_shuriken, nicolae_vaults_house_3,
          vaults_room_semicircle, nicolae_vaults_octothorpe,
          layout_vaults_omnibox, uniq_margery
Vaults:5: uniq_jory, uniq_xtahua
Depths:1: layout_gridville, okawaru_gym_becter, hangedman_coc_ice_floe,
          serial_shops, bzr_firewalk, nicolae_elyvilon_peaceful_grove,
          grunt_megastairs_1
Depths:2: kennysheep_big_flooded_room, layout_long_grid, enter_ziggurat_c,
          rand_demon_pan_entry_9, dk_noncrumbling_2, serial_shops,
          nicolae_shop_rolling_square, grunt_hell_entry_dis_old, uniq_mara,
          uniq_josephina
Depths:3: hangedman_arrow_trap, layout_long_grid, hangedman_abyss_entry_splay,
          lightli_too_deep, fedhas_altar_3, infiniplex_staircase_star
Depths:4: grunt_zot_entry_pinwheel, layout_cave_pools, grunt_gozag_breadcrumbs,
          hell_entry

Skill      XL: |  1  2  3  4  5  6  7  8  9 10 11 12 13 14 15 16 17 18 19 20 21 22 23 |
---------------+----------------------------------------------------------------------+-----
Axes           | 2 3 4 5 6 7 9 10 11 12 13 14 16 | 16.0
Throwing       | 1 2 3 5 6 8 9 10 11 12 13 | 13.0
Fighting       | 4 5 7 8 9 10 11 12 14 15 17 19 20 21 22 | 22.4
Dodging        | 1 2 3 4 6 7 9 |  9.0
Armour         | 4 5 6 8 9 10 11 12 14 16 17 19 20 | 20.0
Shields        | 4 9 10 11 12 13 14 15 16 17 18 21 | 21.6
Invocations    | 4 5 10 | 10.0

Action                     |  1- 3 |  4- 6 |  7- 9 | 10-12 | 13-15 | 16-18 | 19-21 | 22-24 || total
---------------------------+-------+-------+-------+-------+-------+-------+-------+-------++-------
  Melee: War axe           |    64 |   114 |   120 |   352 |   531 |   744 |   693 |   313 ||  2931
         Eveningstar       |       |       |       |       |    14 |       |       |       ||    14
  Throw: Javelin           |    43 |    18 |    35 |    44 |   113 |   204 |   280 |    99 ||   836
         Boomerang         |     7 |    11 |    23 |   139 |   132 |    23 |       |       ||   335
 Invoke: Heroism           |       |       |     3 |    22 |    20 |    40 |    16 |    15 ||   116
         Finesse           |       |       |       |     1 |     9 |    10 |    11 |     8 ||    39
    Use: Scroll            |     5 |     7 |     2 |    11 |     7 |     7 |     1 |     8 ||    48
         Potion            |     1 |     4 |     3 |       |     2 |     4 |     1 |     4 ||    19
   Stab: Distracted        |     1 |       |       |     4 |     9 |    23 |    13 |     7 ||    57
         Held in net/web   |       |       |       |       |     1 |     2 |       |       ||     3
 Armour: Scale mail        |    27 |    67 |       |       |       |       |       |       ||    94
         Chain mail        |       |     3 |    71 |     7 |       |    56 |       |       ||   137
         Plate armour      |       |       |       |   135 |   152 |   127 |   192 |    97 ||   703
  Dodge: Dodged            |    29 |    51 |    38 |    61 |    64 |   166 |   104 |    49 ||   562
         Repelled          |       |       |       |       |       |     6 |     1 |       ||     7
  Block: Buckler           |    16 |    20 |    17 |     4 |       |       |       |       ||    57
         Kite shield       |       |       |       |   206 |   250 |   468 |   301 |       ||  1225
         Reflection        |       |       |       |     1 |    26 |    52 |    36 |       ||   115
         Tower shield      |       |       |       |       |       |       |     8 |   198 ||   206

Table legend:
 A = Non-vault XP
 B = Vault XP
 C = Vault XP percentage of total XP
 D = Non-vault monster count
 E = Vault monster count
 F = Vault count percentage of total count
                 A         B        C        D         E       F
            +---------+---------+-------+---------+---------+-------
      Total |  442544 |  340145 |  43.5 |    1043 |     597 |  36.4
            +---------+---------+-------+---------+---------+-------
        D:1 |      25 |       0 |   0.0 |      17 |       0 |   0.0
        D:2 |      57 |       0 |   0.0 |      27 |       0 |   0.0
        D:3 |     138 |     225 |  62.0 |      20 |      22 |  52.4
        D:4 |     436 |     249 |  36.4 |      16 |       3 |  15.8
        D:5 |     683 |     823 |  54.6 |      21 |       2 |   8.7
        D:6 |    1186 |      87 |   6.8 |      20 |       1 |   4.8
        D:7 |    1149 |     448 |  28.1 |      32 |       8 |  20.0
        D:8 |     920 |       0 |   0.0 |      12 |       0 |   0.0
        D:9 |    2171 |       0 |   0.0 |      22 |       0 |   0.0
       D:10 |    1681 |       0 |   0.0 |      11 |       0 |   0.0
       D:11 |    4081 |     630 |  13.4 |      21 |       6 |  22.2
       D:12 |    9202 |       0 |   0.0 |      24 |       0 |   0.0
       D:13 |    4547 |    9889 |  68.5 |      15 |      23 |  60.5
       D:14 |    9256 |    1061 |  10.3 |      19 |       2 |   9.5
       D:15 |    9975 |    6001 |  37.6 |      15 |      11 |  42.3
     Lair:1 |    3078 |       0 |   0.0 |      15 |       0 |   0.0
     Lair:2 |    5628 |    6870 |  55.0 |      27 |      46 |  63.0
     Lair:3 |    4018 |    1501 |  27.2 |      10 |       4 |  28.6
     Lair:4 |    6681 |    8276 |  55.3 |      24 |      17 |  41.5
     Lair:5 |    7816 |   12856 |  62.2 |      23 |      47 |  67.1
   Shoals:1 |   17026 |    1382 |   7.5 |      33 |       1 |   2.9
   Shoals:2 |   15060 |    1809 |  10.7 |      30 |       2 |   6.2
   Shoals:3 |   20769 |       0 |   0.0 |      42 |       0 |   0.0
   Shoals:4 |   12979 |   24702 |  65.6 |      25 |      43 |  63.2
   Spider:1 |    9695 |    9603 |  49.8 |      30 |      16 |  34.8
   Spider:2 |    9160 |    9450 |  50.8 |      22 |       9 |  29.0
   Spider:3 |   21608 |    2171 |   9.1 |      55 |       1 |   1.8
   Spider:4 |   14290 |   18223 |  56.0 |      39 |      36 |  48.0
      Orc:1 |    3823 |    1672 |  30.4 |      33 |       2 |   5.7
      Orc:2 |    3977 |   19882 |  83.3 |      30 |      75 |  71.4
   Vaults:1 |   34033 |   26131 |  43.4 |      46 |      37 |  44.6
   Vaults:2 |   32681 |   21017 |  39.1 |      47 |      26 |  35.6
   Vaults:3 |   30013 |   46318 |  60.7 |      46 |      49 |  51.6
   Vaults:4 |   31973 |   25060 |  43.9 |      43 |      31 |  41.9
   Vaults:5 |    4095 |   29003 |  87.6 |       4 |      27 |  87.1
   Depths:1 |   19799 |    4707 |  19.2 |      25 |       5 |  16.7
   Depths:2 |   28759 |   15596 |  35.2 |      33 |      14 |  29.8
   Depths:3 |   22491 |   16996 |  43.0 |      23 |      15 |  39.5
   Depths:4 |   37585 |   17507 |  31.8 |      46 |      16 |  25.8
            +---------+---------+-------+---------+---------+-------
